Workbook
Name _ftn1: 'Část 15'!$A$70
Name _ftn10: 'Část 15'!$A$79
Name _ftn11: 'Část 15'!$A$84
Name _ftn12: 'Část 15'!$A$85
Name _ftn13: 'Část 15'!$A$87
Name _ftn14: 'Část 15'!$A$88
Name _ftn15: 'Část 15'!$A$89
Name _ftn16: 'Část 15'!$A$90
Name _ftn17: 'Část 15'!$A$165
Name _ftn2: 'Část 15'!$A$71
Name _ftn3: 'Část 15'!$A$72
Name _ftn4: 'Část 15'!$A$73
Name _ftn5: 'Část 15'!$A$74
Name _ftn6: 'Část 15'!$A$75
Name _ftn7: 'Část 15'!$A$76
Name _ftn8: 'Část 15'!$A$77
Name _ftn9: 'Část 15'!$A$78
Name _ftnref1: 'Část 15'!$A$49
Name _ftnref10: 'Část 15'!$A$52
Name _ftnref11: 'Část 15'!$A$55
Name _ftnref12: 'Část 15'!$A$56
Name _ftnref13: 'Část 15'!$A$57
Name _ftnref14: 'Část 15'!$A$59
Name _ftnref15: 'Část 15'!$A$62
Name _ftnref16: 'Část 15'!$A$63
Name _ftnref17: 'Část 15'!$A$146
Name _ftnref2: 'Část 15'!$B$50
Name _ftnref3: 'Část 15'!$C$50
Name _ftnref4: 'Část 15'!$D$50
Name _ftnref5: 'Část 15'!$E$50
Name _ftnref6: 'Část 15'!$G$50
Name _ftnref7: 'Část 15'!$H$50
Name _ftnref8: 'Část 15'!$J$50
Name _ftnref9: 'Část 15'!$A$51
Name _Toc314673294: 'Část 15'!$A$115

Sheet Obsah
A1: Seznam údajů uveřejňovaných podle Části osmé, nařízení č. 575/2013/EU
A2: Datum uveřejnění informace | C2: (11/08/2015) | D2: Povinná osoba výkaz vyplňuje: ANO/NE
A3: Informace platné k datu | C3: (30/6/2015)
C4: frekvence vykazování
A5: Část 1 | B5: Cíle a zásady řízení rizik I | C5: 1 (ročně) | D5: NE
A6: Část 1a | B6: Cíle a zásady řízení rizik II | C6: 1 (ročně) | D6: NE
A7: Část 2 | B7: Oblast působnosti | C7: 1 (ročně) | D7: NE
A8: Část 3 | B8: Kapitál I - uveřejňují osoby podle čl. 13 nařízení č. 575/2013/EU* | C8: 1 (ročně) | D8: ANO
A9: Část 3a | B9: Kapitál II - uveřejňují osoby podle čl. 13 nařízení č. 575/2013/EU* | C9: 1 (ročně) | D9: ANO
A10: Část 3b | B10: Kapitál III - do 31.12. 2017- uveřejňují osoby podle čl. 13 nařízení č. 575/2013/EU* | C10: 4 (čtvrtletně) | D10: ANO
A11: Část 3c | B11: Kapitál IV - od 1.1. 2018 - uveřejňují osoby podle čl. 13 nařízení č. 575/2013/EU* | C11: 4 (čtvrtletně) | D11: -
A12: Část 3d | B12: Kapitál V - uveřejňují osoby podle čl. 13 nařízení č. 575/2013/EU* | C12: 1 (ročně) | D12: ANO
A13: Část 4 | B13: Požadavky na kapitál - uveřejňují osoby podle čl. 13 nařízení č. 575/2013/EU* | C13: 1 (ročně) | D13: ANO
A14: Část 4a | B14: Požadavky na kapitál - uveřejňují osoby podle čl. 13 nařízení č. 575/2013/EU* | C14: 4 (čtvrtletně) | D14: ANO
A15: Část 5 | B15: Expozice vůči úvěrovému riziku protistrany | C15: 1 (ročně) | D15: NE
A16: Část 6 | B16: Kapitálové rezervy - uveřejňují osoby podle čl. 13 nařízení č. 575/2013/EU* | C16: 1 (ročně) | D16: ANO
... A36: Část 20 | B36: Použití interních modelů pro tržní riziko | C36: 1 (ročně) | D36: NE
A37: * Tuto část uveřejňují i významné dceřiné podniky na základě čl. 13 druhého pododst. nařízení č. 575/2013/EU*

Sheet Část 1
A1: Část 1
A2: Cíle a zásady řízení rizik I
A4: Instituce zpřístupňují informace o svých cílech a zásadách v oblasti řízení rizik pro jednotlivé kategorie rizik | D4: nařízení č. 575/2013/EU
A6: =Obsah!A3 -> Informace platné k datu | C6: =Obsah!C3 -> (30/6/2015)
A7: Jednotlivé kategorie rizik | B7: Strategie a procesy řízení pro jednotlivé kategorie rizik | D7: čl. 435 odst. 1 písm. a)
D12: čl. 435 odst. 1 písm. a)
A22: Struktura a organizace příslušné funkce řízení rizik | B22: Informace o její pravomoci a statutu nebo jiných příslušných uspořádáních | D22: čl. 435 odst. 1 písm. b)
D28: čl. 435 odst. 1 písm. b)
A38: Rozsah a povaha systémů hlášení a měření rizik | D38: čl. 435 odst. 1 písm. c)
D40: čl. 435 odst. 1 písm. c)
A50: Zásady pro zajištění a snižování rizika a strategie a postupy pro sledování trvalé efektivity zajištění a snižování rizika | D50: čl. 435 odst. 1 písm. d)
D52: čl. 435 odst. 1 písm. d)
A62: Prohlášení schválené vedoucím orgánem o přiměřenosti opatření k řízení rizik instituce poskytující ujištění, že zavedené systémy řízení rizik jsou přiměřené s ohledem na profil a strategii instituce | D62: čl. 435 odst. 1 písm. e)
D64: čl. 435 odst. 1 písm. e)
A74: Stručné prohlášení o riziku schválené vedoucím orgánem, které výstižně popisuje celkový rizikový profil instituce související se strategií podnikání. Toto prohlášení obsahuje klíčové ukazatele a údaje, které poskytují externím zúčastněným stranám komplexní představu o řízení rizika institucí, včetně toho, jak je rizikový profil instituce propojen s tolerancí k riziku stanovenou vedoucím orgánem | D74: čl. 435 odst. 1 písm. f)
D76: čl. 435 odst. 1 písm. f)

Sheet Část 1a
A1: Část 1a
A2: Cíle a zásady řízení rizik II
A4: Instituce zpřístupňují uvedené informace týkající se systémů správy a řízení včetně pravidelných aktualizací prováděných minimálně jednou ročně | D4: nařízení č. 575/2013/EU
A6: =Obsah!A3 -> Informace platné k datu | C6: =Obsah!C3 -> (30/6/2015)
A7: Počet míst ve vedoucích orgánech společností a správní radě zastávaný členem vedoucího orgánu | D7: čl. 435 odst. 2 písm. a)
A8: Člen vedoucího orgánu | C8: Počet míst
D14: čl. 435 odst. 2 písm. a)
A29: Politika náboru pracovníků pro výběr členů vedoucího orgánu a jejich skutečné znalosti, dovednosti a zkušenosti | D29: čl. 435 odst. 2 písm. b)
D35: čl. 435 odst. 2 písm. b)
A50: Politika rozmanitosti s ohledem na výběr členů vedoucího orgánu, jeho cíle a příslušné specifické cíle stanovené v této politice a míru, v jaké bylo těchto obecných a specifických cílů dosaženo | D50: čl. 435 odst. 2 písm. c)
D56: čl. 435 odst. 2 písm. c)
A71: Zvláštní výbor pro rizika je zřízen - ANO/NE | B71: Počet zasedání výboru | D71: čl. 435 odst. 2 písm. d)
A73: Popis toku informací o riziku pro vedoucí orgán | D73: čl. 435 odst. 2 písm. e)
D75: čl. 435 odst. 2 písm. e)

Sheet Část 2
A1: Část 2
A2: Oblast působnosti
A4: Oblast působnosti | D4: nařízení č. 575/2013/EU
A6: =Obsah!A3 -> Informace platné k datu | C6: =Obsah!C3 -> (30/6/2015)
A7: Název instituce | D7: čl. 436 písm. a)
A8: Rozdíly v konsolidovaném základě pro účely účetnictví a obezřetnostního dohledu se stručným popisem subjektů a vysvětlením zda jsou plně konsolidovány, poměrně konsolidovány, odečteny od kapitálu, nejsou ani konsolidovány ani odečteny | D8: čl. 436 písm. b)
A10: Název subjektu | B10: Popis subjektu
D21: čl. 436 písm. b)
A51: Souhrnnou částku, o niž je skutečný kapitál nižší, než je požadováno, ve všech dceřiných podnicích nezahrnutých do konsolidace | D51: čl. 436 písm. d)
A52: Název těchto dceřiných podniků
A104: Jakékoli současné nebo předpokládané podstatné věcné nebo právní překážky bránící okamžitému převodu kapitálu nebo splacení závazků mezi mateřským podnikem a jeho dceřinými podniky | D104: čl. 436 písm. c)
A115: Okolnosti, za nichž jsou ustanovení stanovená v článcích 7 a 9 Nařízení 2013/575/EU využívána | D115: čl. 436 písm. e)

Sheet Část 3
A1: Část 3 | C1: PROVÁDĚCÍ NAŘÍZENÍ KOMISE (EU) č. 1423/2013 ze dne 20. prosince 2013, kterým se stanoví prováděcí technické normy, pokud jde o požadavky na zpřístupňování informací o kapitálu uložené institucím podle nařízení Evropského parlamentu a Rady (EU) č. 575/2013
A2: Kapitál I
A3: Tuto část uveřejňují i významné dceřinné podniky na základě čl. 13 druhého pododst.nařízení č. 575/2013/EU
A4: Údaje o kapitálu a kapitálových požadavcích | E4: Vyhláška č.23/2014 Sb., Příloha 13
A6: Informace platné k datu
A7: Úplné sesouhlasení položek kmenového kapitálu tier 1, vedlejšího kapitálu tier 1, položek kapitálu tier 2 a filtrů a odpočtů uplatněných podle článků 32 až 35, 36, 56, 66 a 79 na kapitál instituce a rozvahu v rámci auditované účetní závěrky instituce (znázorní se níže) | E7: čl. 437 odst. 1 písm. a)
A29: 1) Instituce použijí metodiku popsanou v této příloze za účelem poskytnutí informací o sesouhlasení mezi rozvahovými položkami použitými k výpočtu kapitálu a regulatorním kapitálem. Položky kapitálu v auditované účetní závěrce zahrnují veškeré položky, které jsou složkami regulatorního kapitálu nebo které jsou odečteny od tohoto kapitálu, včetně vlastního kapitálu, závazků, jako jsou dluhy, nebo jiných rozvahových položek, které ovlivňují regulatorní kapitál, jako jsou nehmotná aktiva, goodwill, odložené daňové pohledávky.
A30: 2) Jako výchozí bod použijí instituce příslušné rozvahové položky použité k výpočtu kapitálu v jejich zveřejněných účetních závěrkách. Účetní závěrka se považuje za auditovanou účetní závěrku, je-li sesouhlasení provedeno na základě účetní závěrky na konci roku.
A31: 3) Pokud instituce plní požadavky stanovené v části osmé nařízení (EU) č. 575/2013 na konsolidovaném nebo subkonsolidovaném základě a pokud se rozsah nebo metoda konsolidace použité v rozvaze v rámci účetní závěrky liší od rozsahu nebo metody konsolidace vyžadované podle části první hlavy II kapitoly 2 nařízení (EU) č. 575/2013, zpřístupní instituce rovněž rozvahu podle právních předpisů, což je rozvaha vypracována podle pravidel obezřetnostní konsolidace podle části první hlavy II kapitoly 2 nařízení (EU) č. 575/2013 a vztahuje se pouze na položky kapitálu. Rozvaha podle právních předpisů je s ohledem na položky kapitálu přinejmenším stejně podrobná jako rozvaha v rámci účetní závěrky a její položky jsou uvedeny vedle sebe s jednoznačným přiřazením položek kapitálu v rozvaze v rámci účetní závěrky. Instituce poskytnou kvalitativní a kvantitativní informace o rozdílech v položkách kapitálu mezi oběma rozvahami, které jsou způsobeny rozsahem a metodou konsolidace.
A32: 4) Instituce za druhé rozšíří položky kapitálu v rozvaze podle právních předpisů tak, aby byly všechny složky vyžadované v přechodné šabloně pro zpřístupňování informací nebo v šabloně pro zpřístupňování informací o kapitálu uvedeny zvlášť. Instituce rozšíří položky rozvahy pouze na úroveň rozčlenění, která je nezbytná pro odvození položek vyžadovaných v přechodné šabloně pro zpřístupňování informací nebo v šabloně pro zpřístupňování informací o kapitálu.
A33: 5) Instituce provedou za třetí přiřazení mezi položkami vyplývajícími z rozšíření rozvahy podle právních předpisů, jak je popsáno v bodě 4, a položkami uvedenými v přechodné šabloně pro zpřístupňování informací nebo v šabloně pro zpřístupňování informací o kapitálu.
A34: 6) Pokud instituce plní požadavky stanovené v části osmé nařízení (EU) č. 575/2013 na konsolidovaném nebo subkonsolidovaném základě, rozsah a metoda konsolidace použité pro rozvahu v rámci účetní závěrky jsou však totožné s rozsahem a metodou konsolidace stanovenými podle části první hlavy II kapitoly 2 nařízení (EU) č. 575/2013, a instituce jednoznačně uvedou, že mezi příslušnými rozsahy a metodami konsolidace neexistují rozdíly, použijí se pouze body 4 a 5 této přílohy na základě rozvahy v rámci účetní závěrky.
A35: 7) Pokud instituce plní požadavky stanovené v části osmé nařízení (EU) č. 575/2013 na individuálním základě, bod 3 této přílohy se nepoužije a místo toho se použijí body 4 a 5 této přílohy na základě rozvahy v rámci účetní závěrky.
A36: 8) Informace týkající se rozvahového sesouhlasení položek kapitálu vyplývající z použití metodiky popsané v této příloze mohou být poskytnuty v neauditované podobě.

Sheet Část 3a
A1: Část 3a | C1: PROVÁDĚCÍ NAŘÍZENÍ KOMISE (EU) č. 1423/2013 ze dne 20. prosince 2013, kterým se stanoví prováděcí technické normy, pokud jde o požadavky na zpřístupňování informací o kapitálu uložené institucím podle nařízení Evropského parlamentu a Rady (EU) č. 575/2013
A2: Kapitál II
A3: Tuto část uveřejňují i významné dceřinné podniky na základě čl. 13 druhého pododst. nařízení č. 575/2013/EU
A4: Šablona pro zpřístupňování informací o hlavních rysech kapitálových nástrojů1 podle čl. 437 odst. 1 písm. b) nařízení
A6: Informace platné k datu
A7: 1 | B7: Emitent
A8: 2 | B8: Specifický identifikační kód (např. CUSIP, ISIN nebo Bloomberg v případě soukromé investice)
A9: 3 | B9: Právní předpisy, jimiž se nástroj řídí
A10: Regulační zacházení
A11: 4 | B11: Pravidla nařízení o kapitálových požadavcích platná v přechodném období
A12: 5 | B12: Způsobilý na individuálním/(sub-)konsolidovaném základě / individuálním a (sub-)konsolidovaném základě
A13: 6 | B13: Pravidla nařízení o kapitálových požadavcích platná po uplynutí přechodného období
A14: 7 | B14: Typ nástroje (typy upřesní každá jurisdikce)
A15: 8 | B15: Objem uznaný v regulatorním kapitálu (měna v milionech, k poslednímu datu pro vykazování)
A16: 9 | B16: Nominální hodnota nástroje
A17: 9a | B17: Emisní cena
A18: 9b | B18: Cena při splacení
A19: 10 | B19: Účetní klasifikace
A20: 11 | B20: Původní datum vydání
A21: 12 | B21: Věčný nebo datovaný
A22: 13 | B22: Původní datum splatnosti
A23: 14 | B23: Vypovězení emitentem s výhradou předchozího schválení orgány dohledu
A24: 15 | B24: Datum možného vypovězení, data případného vypovězení a hodnota při splacení
A25: 16 | B25: Data následného vypovězení, je-li použitelné
A26: Kupony/dividendy
A27: 17 | B27: Pevná nebo pohyblivá dividenda/kupon
A28: 18 | B28: Kuponová sazba a případný související index
A29: 19 | B29: Existence systému pozastavení výplaty dividend
A30: 20a | B30: Zcela podle uvážení, částečně podle uvážení nebo povinné (pokud jde o časový harmonogram)
A31: 20b | B31: Zcela podle uvážení, částečně podle uvážení nebo povinné (pokud jde o objem)
A32: 21 | B32: Existence navýšení či jiné pobídky ke splacení nástroje
A33: 22 | B33: Nekumulativní nebo kumulativní
A34: 23 | B34: Konvertibilní nebo nekonvertibilní
A35: 24 | B35: V případě konvertibilního nástroje, rozhodná událost pro konverzi
A36: 25 | B36: V případě konvertibilního nástroje, konvertibilní zcela nebo částečně
A37: 26 | B37: V případě konvertibilního nástroje, konverzní faktor
A38: 27 | B38: V případě konvertibilního nástroje, povinná nebo nepovinná konverze
A39: 28 | B39: V případě konvertibilního nástroje upřesněte, na jaký typ nástroje lze dotyčný nástroj převést
A40: 29 | B40: V případě konvertibilního nástroje uveďte emitenta nástroje, na nějž je dotyčný nástroj převeden
A41: 30 | B41: Možnost snížení účetní hodnoty
A42: 31 | B42: V případě snížení účetní hodnoty, rozhodná událost pro snížení účetní hodnoty
A43: 32 | B43: V případě snížení účetní hodnoty, snížení v celém rozsahu nebo částečné
... A48: 37 | B48: Pokud ano, uveďte rysy nesplňující požadavky
A49: 1 Není-li otázka použitelná, uveďte „nepoužitelné“
A51: Pokyny k vyplňování šablony pro zpřístupňování informací o hlavních rysech kapitálových nástrojů
A52: 1) Instituce použijí pokyny uvedené v této příloze při vyplňování šablony pro zpřístupňování informací o hlavních rysech kapitálových nástrojů stanovené v příloze II. PROVÁDĚCÍHO NAŘÍZENÍ KOMISE (EU) č. 1423/2013 ze dne 20. prosince 2013, kterým se stanoví prováděcí technické normy, pokud jde o požadavky na zpřístupňování informací o kapitálu uložené institucím podle nařízení Evropského parlamentu a Rady (EU) č. 575/2013
A53: 2) Instituce vyplní šablonu pro tyto kategorie: nástroje zahrnované do kmenového kapitálu tier 1, nástroje zahrnované do vedlejšího kapitálu tier 1 a nástroje zahrnované do kapitálu tier 2.
A54: 3) Šablony obsahují sloupce s rysy jednotlivých nástrojů. Mají-li kapitálové nástroje téže kategorie totožné rysy, mohou instituce vyplnit pouze jeden sloupec uvádějící tyto totožné rysy a určit emise, jichž se totožné rysy týkají.
A56: Pokyny k vyplňování šablony pro zpřístupňování informací o hlavních rysech kapitálových nástrojů
A57: 1 | B57: Identifikuje právní subjekt emitenta. Libovolný text
A58: 2 | B58: Specifický identifikační kód (např. CUSIP, ISIN nebo Bloomberg v případě soukromé investice). Libovolný text
A59: 3 | B59: Upřesňuje právní předpisy, jimiž se nástroj řídí. Libovolný text
A60: 4 | B60: Upřesňuje přechodné zacházení s regulatorním kapitálem podle nařízení (EU) č. 575/2013. Rozhodující je původní klasifikace nástroje bez ohledu na případnou reklasifikaci na kapitál nižší třídy. Výběr z nabídky: [Kmenový kapitál tier 1] [Vedlejší kapitál tier 1] [Kapitál tier 2] [Nezpůsobilé] [Nepoužitelné] Libovolný text – upřesněte, zda byla část emise reklasifikována na kapitál nižší třídy.
A61: 5 | B61: Upřesňuje zacházení s regulatorním kapitálem podle pravidel obsažených v nařízení (EU) č. 575/2013, aniž by se přihlíželo k přechodnému zacházení. Výběr z nabídky: [Kmenový kapitál tier 1] [Vedlejší kapitál tier 1] [Kapitál tier 2] [Nezpůsobilé]
A62: 6 | B62: Upřesňuje úroveň nebo úrovně v rámci skupiny, na nichž je nástroj zahrnován do kapitálu. Výběr z nabídky: [Individuální] [(Sub-)konsolidovaná] [Individuální a (sub-)konsolidovaná]
A63: 7 | B63: Upřesňuje typ nástroje v závislosti na jurisdikci. Výběr z nabídky: příslušnou nabídku institucím poskytnou jednotlivé jurisdikce – pro každý typ nástroje se vloží odkazy na články nařízení (EU) č. 575/2013. V případě nástrojů zahrnovaných do kmenového kapitálu tier 1, nástroje zveřejněné v seznamu EBA (čl. 26 odst. 3).
A64: 8 | B64: Upřesňuje objem uznaný v regulatorním kapitálu (celková hodnota nástroje uznaná v regulatorním kapitálu před přechodnými ustanoveními pro příslušnou úroveň zpřístupnění informací – měna použitá pro oznamovací povinnosti). Libovolný text – zejména upřesněte, zda jsou určité části nástrojů vykazovány v různých třídách regulatorního kapitálu a zda se objem uznaný v regulatorním kapitálu liší od emitovaného objemu.
A65: 9 | B65: Nominální hodnota nástroje (v měně emise a měně použité pro oznamovací povinnosti). Libovolný text
A66: 9a | B66: Emisní cena nástroje. Libovolný text
A67: 9b | B67: Cena při splacení nástroje. Libovolný text
A68: 10 | B68: Upřesňuje účetní klasifikaci. Výběr z nabídky: [Vlastní kapitál akcionářů] [Závazek – zůstatková hodnota] [Závazek – reálná hodnota] [Menšinový podíl v dceřiném podniku zahrnutém do konsolidace]
A69: 11 | B69: Upřesňuje datum vydání. Libovolný text
A70: 12 | B70: Upřesňuje, zda se jedná o datovaný nebo věčný nástroj. Výběr z nabídky: [Věčný] [Datovaný]
A71: 13 | B71: U datovaného nástroje upřesňuje původní datum splatnosti (den, měsíc a rok). V případě věčného nástroje uveďte „žádná splatnost“. Libovolný text
A72: 14 | B72: Upřesňuje, zda existuje možnost vypovězení emitentem (všechny typy). Výběr z nabídky: [Ano] [Ne]
A73: 15 | B73: V případě nástroje s možností vypovězení emitentem upřesňuje první datum vypovězení v případě, existuje-li u nástroje možnost vypovězení k určitému dni (den, měsíc a rok), a mimoto stanoví, zda u nástroje existuje možnost vypovězení v případě daňové a/nebo regulativní rozhodné události. Uvádí rovněž cenu při splacení. Pomáhá posoudit trvalost. Libovolný text
A74: 16 | B74: Upřesňuje existenci a četnost dat následného vypovězení, je-li použitelné. Pomáhá posoudit trvalost. Libovolný text
A75: 17 | B75: Upřesňuje, zda jsou kupon/dividenda během existence nástroje pevně stanovené, nebo během existence nástroje pohyblivé, nebo v současnosti pevné, v budoucnu se však sazba změní na pohyblivou, nebo v současnosti pohyblivé, v budoucnu se však sazba změní na pevnou. Výběr z nabídky: [Pevné] [Pohyblivé] [Změna z pevných sazeb na pohyblivé] [Změna z pohyblivých sazeb na pevné]
A76: 18 | B76: Upřesňuje kuponovou sazbu nástroje a případný související index, na nějž se kuponová/dividendová sazba vztahuje. Libovolný text
A77: 19 | B77: Upřesňuje, zda nevyplacení kuponu nebo dividendy z nástroje zakazuje výplatu dividend z kmenových akcií (tj. zda existuje systém pozastavení výplaty dividend). Výběr z nabídky: [Ano] [Ne]
A78: 20a | B78: Upřesňuje, zda emitent rozhoduje o vyplacení kuponů/dividend zcela podle svého uvážení, částečně podle svého uvážení, nebo zda nemá v tomto ohledu žádnou rozhodovací pravomoc. Rozhoduje-li instituce o zrušení výplat kuponů/dividend za všech okolností podle svého uvážení, musí zvolit možnost „zcela podle uvážení“ (včetně v případech, kdy existuje systém pozastavení výplaty dividend, který institucí nebrání zrušit výplaty u nástroje). Existují-li určité podmínky, které musí být splněny, než je možné výplatu zrušit (např. kapitál pod určitou prahovou hodnotou), musí instituce zvolit možnost „částečně podle uvážení“. Nemůže-li instituce zrušit vyplacení mimo platební neschopnost instituce, musí vybrat možnost „povinné“. Výběr z nabídky: [Zcela podle uvážení] [Částečně podle uvážení] [Povinné] Libovolný text (uveďte důvody rozhodnutí, existenci systémů povinné výplaty dividend, systémů pozastavení výplaty dividend, alternativního mechanismu výplaty kuponu)
A79: 20b | B79: Upřesňuje, zda emitent rozhoduje o výši kuponu/dividendy zcela podle svého uvážení, částečně podle svého uvážení, nebo zda nemá v tomto ohledu žádnou rozhodovací pravomoc. Výběr z nabídky: [Zcela podle uvážení] [Částečně podle uvážení] [Povinné]
A80: 21 | B80: Upřesňuje, zda existuje navýšení či jiná pobídka ke splacení nástroje. Výběr z nabídky: [Ano] [Ne]
A81: 22 | B81: Upřesňuje, zda jsou dividendy/kupony kumulativní nebo nekumulativní. Výběr z nabídky: [Nekumulativní] [Kumulativní] [Alternativní mechanismus výplaty kuponu]
A82: 23 | B82: Upřesňuje, zda je nástroj konvertibilní, či nikoli. Výběr z nabídky: [Konvertibilní] [Nekonvertibilní]
A83: 24 | B83: Upřesňuje podmínky konverze nástroje, včetně okamžiku neživotaschopnosti. Pokud může konverzi provést jeden či více orgánů, měly by být tyto orgány uvedeny. U každého orgánu by mělo být uvedeno, zda právní základ pro provedení konverze orgánem stanoví podmínky smlouvy týkající se nástroje (smluvní přístup), nebo zda je právní základ stanoven zákonným způsobem (zákonný přístup). Libovolný text
A84: 25 | B84: Upřesňuje, zda bude nástroj vždy převeden zcela, zda může být převeden zcela nebo částečně, nebo zda bude vždy převeden částečně. Výběr z nabídky: [Vždy zcela] [Částečně nebo zcela] [Vždy částečně]
A85: 26 | B85: Upřesňuje konverzní faktor při převedení na nástroj více absorbující ztráty. Libovolný text
A86: 27 | B86: U konvertibilních nástrojů upřesňuje, zda je konverze povinná nebo nepovinná. Výběr z nabídky: [Povinná] [Nepovinná] [Nepoužitelné] a [Dle uvážení držitelů] [Dle uvážení emitenta] [Dle uvážení držitelů i emitenta]
A87: 28 | B87: U konvertibilních nástrojů upřesňuje, na jaký typ nástroje lze dotyčný nástroj převést. Pomáhá posoudit absorpci ztrát. Výběr z nabídky: [Kmenový kapitál tier 1] [Vedlejší kapitál tier 1] [Kapitál tier 2] [Jiné]
A88: 29 | B88: V případě konvertibilního nástroje uveďte emitenta nástroje, na nějž je dotyčný nástroj převeden. Libovolný text
A89: 30 | B89: Upřesňuje, zda existuje možnost snížení účetní hodnoty. Výběr z nabídky: [Ano] [Ne]
A90: 31 | B90: Upřesňuje rozhodné události, které vedou k snížení účetní hodnoty, včetně okamžiku neživotaschopnosti. Může-li snížení hodnoty provést jeden nebo více orgánů, měly by být tyto orgány uvedeny. U každého orgánu by mělo být uvedeno, zda právní základ pro snížení účetní hodnoty orgánem stanoví podmínky smlouvy týkající se nástroje (smluvní přístup), nebo zda je právní základ stanoven zákonným způsobem (zákonný přístup). Libovolný text
A91: 32 | B91: Upřesňuje, zda bude nástroj vždy odepsán zcela, nebo zda může být odepsán částečně, nebo zda bude vždy odepsán částečně. Pomáhá posoudit úroveň absorpce ztrát při snížení účetní hodnoty. Výběr z nabídky: [Vždy zcela] [Zcela nebo částečně] [Vždy částečně]
... A96: 37 | B96: Pokud existují rysy nesplňující požadavky, instituce musí upřesnit jaké. Libovolný text

Sheet Část 3b
A1: Část 3b | C1: PROVÁDĚCÍ NAŘÍZENÍ KOMISE (EU) č. 1423/2013 ze dne 20. prosince 2013, kterým se stanoví prováděcí technické normy, pokud jde o požadavky na zpřístupňování informací o kapitálu uložené institucím podle nařízení Evropského parlamentu a Rady (EU) č. 575/2013
A2: Kapitál III - do 31.12. 2017
A3: Tuto část uveřejňují i významné dceřinné podniky na základě čl. 13 druhého pododst. nařízení č. 575/2013/EU
A4: Přechodná šablona pro zpřístupňování informací o kapitálu podle čl. 437 odst. 1 písm. a) nařízení s výjimkou úplného sesouhlasení položek, filtrů a odpočtů na rozvahu v rámci auditované účetní závěrky
A5: Přechodná šablona pro zpřístupňování informací o kapitálu podle čl. 437 odst. 1 písm. d) a e) a čl. 492 odst. 3 nařízení
A6: Informace platné k datu | H6: =Obsah!C3 -> (30/6/2015)
A7: Kmenový kapitál tier 1: nástroje a rezervy | D7: K ultimu vykazovaného období | E7: K ultimu 1. předcházejícího období | F7: K ultimu 2. předcházejícího období | G7: K ultimu 3. předcházejícího období | H7: (A) ODKAZ NA ČLÁNEK nařízení č. 575/2013/EU | I7: (C) HODNOTY, NA KTERÉ SE VZTAHUJE ZACHÁZENÍ PLATNÉ PŘED NAŘÍZENÍM (EU) č. 575/2013, NEBO ZBYTKOVÁ ČÁSTKA STANOVENÁ V nařízení č. 575/2013/EU
D8: (2Q/2015) | E8: (1Q/2015) | F8: (4Q/2014) | G8: (3Q/2014)
A9: 1 | B9: Kapitálové nástroje a související emisní ážio | D9: 27145405 | E9: 27145405 | F9: 26545405 | G9: 26545405 | H9: Čl. 26 odst. 1, články 27, 28, 29, seznam EBA podle čl. 26 odst. 3
B10: z toho: typ nástroje č. 1 | D10: 5076335.5 | E10: 5076335.5 | F10: 5076335 | G10: 5076335 | H10: Seznam EBA podle čl. 26 odst. 3
B11: z toho: typ nástroje č. 2 | D11: 22069070 | E11: 22069070 | F11: 21469070 | G11: 21469070 | H11: Seznam EBA podle čl. 26 odst. 3
B12: z toho: typ nástroje č. 3 | H12: Seznam EBA podle čl. 26 odst. 3
A13: 2 | B13: Nerozdělený zisk | D13: 0 | E13: 3078272.5 | F13: 79.25805 | G13: 79 | H13: Čl. 26 odst. 1 písm. c)
A14: 3 | B14: Kumulovaný ostatní úplný výsledek hospodaření (a jiné rezervy) | D14: -1003.1583 | E14: -33724.979 | F14: -19715.123 | G14: -9608.8384 | H14: Čl. 26 odst. 1 písm. f)
A15: 3a | B15: Rezervní fond na všeobecná bankovní rizika | D15: 1015270 | E15: 1015270 | F15: 1015270 | G15: 1015270 | H15: Čl. 26 odst. 1 písm. f)
A16: 4 | B16: Objem kvalifikovaných položek uvedených v čl. 484 odst. 3 a souvisejícího emisního ážia podléhající postupnému odstranění z kmenového kapitálu tier 1 | H16: Čl. 486 odst. 2
A17: 5 | B17: Menšinový podíl (hodnota přípustná v konsolidovaném kmenovém kapitálu tier 1) | H17: Články 84, 479, 480
A18: 5a | B18: Nezávisle ověřený mezitímní zisk snížený o předvídatelné výplaty nebo dividendy | H18: Čl. 26 odst. 2
A19: 6 | B19: Kmenový kapitál tier 1 před normativními úpravami | D19: 28159672 | E19: 31205223 | F19: 27541040 | G19: 27551146 | H19: KmenSoučet řádků 1 až 5a
A20: Kmenový kapitál tier 1: normativní úpravy
A21: 7 | B21: Dodatečné úpravy ocenění (záporná hodnota) | D21: -149.10326 | E21: -360.78967 | F21: -250.803 | G21: -151.85897 | H21: Články 34, 105
A22: 8 | B22: Nehmotná aktiva (snížená o související daňové závazky) (záporná hodnota) | D22: -89677.494 | E22: -71791.814 | F22: -57943.795 | G22: -39792.412 | H22: Čl. 36 odst. 1 písm. b), článek 37
A23: 9 | B23: V EU prázdná množina
A24: 10 | B24: Odložené daňové pohledávky závislé na budoucím zisku kromě pohledávek vyplývajících z přechodných rozdílů (snížené o související daňové závazky, pokud jsou splněny podmínky čl. 38 odst. 3) (záporná hodnota) | H24: Čl. 36 odst. 1 písm. c), článek 38
A25: 11 | B25: Oceňovací rozdíly ze změn reálné hodnoty spojené se zisky nebo ztrátami ze zajištění peněžních toků | D25: 1003.1583 | E25: 33724.979 | F25: 19715.123 | G25: 9608.8384 | H25: Čl. 33 odst. 1 písm. a)
A26: 12 | B26: Záporné hodnoty vyplývající z výpočtu výše očekávaných ztrát | D26: -698649.04 | E26: -712901.93 | F26: -609044.35 | G26: -643301.15 | H26: Čl. 36 odst. 1 písm. d), články 40, 159
A27: 13 | B27: Zvýšení vlastního kapitálu, které vyplývá ze sekuritizace aktiv (záporná hodnota) | H27: Čl. 32 odst. 1
A28: 14 | B28: Zisky nebo ztráty ze závazků oceněných reálnou hodnotou, které vyplývají ze změn vlastního úvěrového hodnocení | H28: Čl. 33 odst. 1 písm. b)
A29: 15 | B29: Aktiva penzijního fondu definovaných požitků (záporná hodnota) | H29: Čl. 36 odst. 1 písm. e), článek 41
A30: 16 | B30: Přímé a nepřímé kapitálové investice instituce do vlastních nástrojů zahrnovaných do kmenového kapitálu tier 1 (záporná hodnota) | H30: Čl. 36 odst. 1 písm. f), článek 42
A31: 17 | B31: Kapitálové investice do nástrojů zahrnovaných do kmenového kapitálu tier 1 subjektů finančního sektoru, pokud tyto subjekty mají s institucí vztah vzájemné účasti, jehož účelem je uměle zvýšit kapitál instituce (záporná hodnota) | H31: Čl. 36 odst. 1 písm. g), článek 44
A32: 18 | B32: Přímé a nepřímé kapitálové investice instituce do nástrojů zahrnovaných do kmenového kapitálu tier 1 subjektů finančního sektoru, v nichž instituce nemá významnou investici (objem vyšší než 10% prahová hodnota po odečtení způsobilých krátkých pozic) (záporná hodnota) | H32: Čl. 36 odst. 1 písm. h), články 43, 45, 46, čl. 49 odst. 2 a 3, článek 79
A33: 19 | B33: Přímé, nepřímé a syntetické kapitálové investice instituce do nástrojů zahrnovaných do kmenového kapitálu tier 1 subjektů finančního sektoru, v nichž instituce má významnou investici (objem vyšší než 10% prahová hodnota po odečtení způsobilých krátkých pozic) (záporná hodnota) | H33: Čl. 36 odst. 1 písm. i), články 43, 45, 47, čl. 48 odst. 1 písm. b), čl. 49 odst. 1 až 3, článek 79
A34: 20 | B34: V EU prázdná množina
A35: 20a | B35: Objem expozice u následujících položek, kterým se má přiřadit riziková váha 1250 %, pokud se instituce rozhodne pro odpočet jako alternativní postup | H35: Čl. 36 odst. 1 písm. k)
A36: 20b | B36: z toho: kvalifikované účasti mimo finanční sektor (záporná hodnota) | H36: Čl. 36 odst. 1 písm. k) bod i), články 89 až 91
A37: 20c | B37: z toho: sekuritizované pozice (záporná hodnota) | H37: Čl. 36 odst. 1 písm. k) bod ii) čl. 243 odst. 1 písm. b) čl. 244 odst. 1 písm. b) článek 258
A38: 20d | B38: z toho: volné dodávky (záporná hodnota) | H38: Čl. 36 odst. 1 písm. k) bod iii), čl. 379 odst. 3
A39: 21 | B39: Odložené daňové pohledávky vyplývající z přechodných rozdílů (objem vyšší než 10% prahová hodnota, snížený o související daňové závazky, jsou-li splněny podmínky v stanovené v čl. 38 odst. 3) (záporná hodnota) | H39: Čl. 36 odst. 1 písm. c), článek 38, čl. 48 odst. 1 písm. a)
A40: 22 | B40: Objem přesahující 15% prahovou hodnotu (záporná hodnota) | H40: Čl. 48 odst. 1
A41: 23 | B41: z toho: přímé a nepřímé kapitálové investice instituce do nástrojů zahrnovaných do kmenového kapitálu tier 1 subjektů finančního sektoru, v nichž instituce má významnou investici | H41: Čl. 36 odst. 1 písm. i), čl. 48 odst. 1 písm. b)
A42: 24 | B42: V EU prázdná množina
A43: 25 | B43: z toho: odložené daňové pohledávky vyplývající z přechodných rozdílů | H43: Čl. 36 odst. 1 písm. c), článek 38, čl. 48 odst. 1 písm. a)
A44: 25a | B44: Ztráty běžného účetního roku (záporná hodnota) | H44: Čl. 36 odst. 1 písm. a)
A45: 25b | B45: Předvídatelné daňové platby týkající se položek kmenového kapitálu tier 1 (záporná hodnota) | H45: Čl. 36 odst. 1 písm. l)
A46: 26 | B46: Normativní úpravy použité na kmenový kapitál tier 1 s ohledem na objemy, na které se vztahuje zacházení platné v době před nařízením o kapitálových požadavcích
A47: 26a | B47: Normativní úpravy týkající se nerealizovaných zisků a ztrát podle článků 467 a 468 | D47: 0 | E47: 0 | F47: 0 | G47: 0
B48: Z toho: … filtr pro nerealizovanou ztrátu 1 | H48: Článek 467
B49: Z toho: … filtr pro nerealizovanou ztrátu 2 | H49: Článek 467
B50: Z toho: … filtr pro nerealizovaný zisk 1 | D50: 0 | E50: 0 | F50: 0 | G50: 0 | H50: Článek 468
B51: Z toho: … filtr pro nerealizovaný zisk 2 | H51: Článek 468
A52: 26b | B52: Hodnota, která má být odečtena od kmenového kapitálu tier 1 s ohledem na dodatečné filtry a odpočty požadované před nařízením o kapitálových požadavcích | H52: Článek 481
B53: Z toho… | H53: Článek 481
A54: 27 | B54: Hodnota položek odečtených od položek vedlejšího kapitálu tier 1, která přesahuje vedlejší kapitál tier 1 instituce (záporná hodnota) | H54: Čl. 36 odst. 1 písm. j)
A55: 28 | B55: Normativní úpravy kmenového kapitálu tier 1 celkem | D55: -787472.48 | E55: -751329.55 | F55: -647523.82 | G55: -673636.58 | H55: Součet řádků 7 až 20a, 21, 22 a 25a až 27
A56: 29 | B56: Kmenový kapitál tier 1 | D56: 27372200 | E56: 30453893 | F56: 26893516 | G56: 26877509 | H56: Řádek 6 minus řádek 28
A57: Vedlejší kapitál tier 1: nástroje
A58: 30 | B58: Kapitálové nástroje a související emisní ážio | H58: Články 51, 52
A59: 31 | B59: z toho: podle použitelných účetních standardů považované za vlastní kapitál
A60: 32 | B60: z toho: podle použitelných účetních standardů považované za závazky
A61: 33 | B61: Objem kvalifikovaných položek uvedených v čl. 484 odst. 4 a souvisejícího emisního ážia podléhající postupnému odstranění z vedlejšího kapitálu tier 1 | H61: Čl. 486 odst. 3
B62: Kapitálová injekce veřejného sektoru zachované do dne 1. ledna 2018 | H62: Čl. 486 odst. 3
A63: 34 | B63: Kvalifikovaný kapitál tier 1 zahrnutý do konsolidovaného vedlejšího kapitálu tier 1 (včetně menšinových podílů nezahrnutých v řádku 5) vydaný dceřinými podniky a držený třetími stranami | H63: Články 85, 86
A64: 35 | B64: z toho: nástroje vydané dceřinými podniky podléhající postupnému odstranění | H64: Čl. 486 odst. 3
A65: 36 | B65: Vedlejší kapitál tier 1 před normativními úpravami | D65: 0 | E65: 0 | F65: 0 | G65: 0 | H65: Součet řádků 30, 33 a 34
A66: Vedlejší kapitál tier 1: normativní úpravy
A67: 37 | B67: Přímé a nepřímé kapitálové investice instituce do vlastních nástrojů zahrnovaných do vedlejšího kapitálu tier 1 (záporná hodnota) | H67: Čl. 52 odst. 1 písm. b), čl. 56 písm. a), článek 57
A68: 38 | B68: Přímé a nepřímé kapitálové investice do nástrojů zahrnovaných do vedlejšího kapitálu tier 1 subjektů finančního sektoru, v nichž instituce nemá významnou investici (objem vyšší než 10% prahová hodnota po odečtení způsobilých krátkých pozic) (záporná hodnota) | H68: Čl. 56 písm. b), článek 58
A69: 39 | B69: Přímé nepřímé a syntetické kapitálové investice do nástrojů zahrnovaných do vedlejšího kapitálu tier 1 subjektů finančního sektoru, v nichž instituce nemá významnou investici (objem vyšší než 10% prahová hodnota po odečtení způsobilých krátkých pozic) (záporná hodnota) | H69: Čl. 56 písm. c), článeky 59, 60, 79
A70: 40 | B70: Přímé nepřímé a syntetické kapitálové investice instituce do nástrojů zahrnovaných do vedlejšího kapitálu tier 1 subjektů finančního sektoru, v nichž instituce má významnou investici (po odečtení způsobilých krátkých pozic) (záporná hodnota) | H70: Čl. 56 písm. d), články 59, 79
A71: 41 | B71: Normativní úpravy použíté na vedlejší kapitál tier 1 s ohledem na objemy, na které se vztahujezacházení platné v době před nařízením o kapitálových požadavcích
A72: 41a | B72: Zbytkové částky odečtené od vedlejšího kapitálu tier 1 s ohledem na odpočty od kmenového kapitálu tier 1 během přechodného období podle článku 472 nařízení (EU) č. 575/2013 | H72: Článek 472, čl. 472 odst. 3 písm. a), čl. 472 odst. 4, čl. 472 odst. 6, čl. 472 odst. 8 písm. a), čl. 472 odst. 9, čl. 472 odst. 10 písm. a), čl. 472 odst. 11 písm. a)
B73: Z toho položky rozepsané jednotlivě, např. čisté prozatímní ztráty, které jsou podstatné, nehmotná aktiva, nedostatek rezerv na očekávané ztráty atd.
A74: 41b | B74: Zbytkové částky odečtené od vedlejšího kapitálu tier 1 s ohledem na odpočet od kapitálu tier 2 během přechodného období podle článku 475 nařízení (EU) č. 575/2013 | H74: Článek 477, čl. 477 odst. 3, čl. 477 odst. 4 písm. a)
B75: Z toho položky rozepsané jednotlivě, např. vzájemné účasti v nástrojích zahrnovaných do kapitálu tier 2, přímé kapitálové investice do kapitálu jiných subjektů finančního sektoru, v nichž instituce nemá významnou investici, atd.
A76: 41c | B76: Hodnota odečtená od vedlejšího kapitálu tier 1 nebo připočtená k vedlejšímu kapitálu tier 1 s ohledem na dodatečné filtry a odpočty vyžadované v době před nařízením o kapitálových požadavcích | H76: Články 467, 468, 481
B77: Z toho: … případný filtr pro nerealizované ztráty | H77: Článek 467
B78: Z toho: … případný filtr pro nerealizované zisky | H78: Článek 468
B79: Z toho: … | H79: Článek 481
A80: 43 | B80: Normativní úpravy vedlejšího kapitálu tier 1 celkem | H80: Součet řádků 37 až 42
A81: 44 | B81: Vedlejší kapitál tier 1 | H81: Řádek 36 minus řádek 43
A82: 45 | B82: Kapitál tier 1 = kmenový kapitál tier 1 + vedlejší kapitál tier 1 | D82: 27372200 | E82: 30453893 | F82: 26893516 | G82: 26877509 | H82: Součet řádků 29 a 44
A83: Kapitál tier 2: nástroje a položky
A84: 46 | B84: Kapitálové nástroje a související emisní ážio | H84: Články 62, 63
A85: 47 | B85: Objem kvalifikovaných položek uvedených v čl. 484 odst. 5 a souvisejícího emisního ážia podléhající postupnému odstranění z kapitálu tier 2 | H85: Čl. 486 odst. 4
A86: 48 | B86: Kvalifikované kapitálové nástroje zahrnuté do konsolidovaného kapitálu tier 2 (včetně menšinových podílů a nástrojů zahrnovaných do vedlejšího kapitálu tier 1 nezahrnutých v řádku 5 nebo řádku 34) vydané dceřinými podniky a držené třetími stranami | H86: Články 87, 88
A87: 49 | B87: z toho: nástroje vydané dceřinými podniky podléhající postupnému odstranění | H87: Čl. 486 odst. 4
A88: 50 | B88: Úpravy o úvěrové riziko | D88: 467806.54 | E88: 454064.65 | F88: 430712.87 | G88: 441744.31 | H88: Čl. 62 písm. c) a d)
A89: 51 | B89: Kapitál tier 2 před normativními úpravami | D89: 467806.54 | E89: 454064.65 | F89: 430712.87 | G89: 441744.31
A90: Kapitál tier 2: normativní úpravy
A91: 52 | B91: Přímé a nepřímé kapitálové investice instituce do vlastních nástrojů zahrnovaných do kapitálu tier 2 a podřízených půjček (záporná hodnota) | H91: Čl. 63 písm. b) bod i), čl. 66 písm. a), článek 67
A92: 53 | B92: Kapitálové investice do nástrojů zahrnovaných do kapitálu tier 2 a podřízených půjček subjektů finančního sektoru, s nimiž je instituce ve vztahu vzájemné účasti, jehož účelem je uměle zvýšit kapitál instituce (záporná hodnota) | H92: Čl. 66 písm. b), článek 68
A93: 54 | B93: Přímé a nepřímé kapitálové investice do nástrojů zahrnovaných do kapitálu tier 2 a podřízených půjček subjektů finančního sektoru, v nichž instituce nemá významnou investici (objem vyšší než 10% prahová hodnota po odečtení způsobilých krátkých pozic) (záporná hodnota) | H93: Čl. 66 písm. c), články 69, 70, 79
A94: 54a | B94: Z toho nové kapitálové investice, na které se nevztahují přechodná ustanovení
A95: 54b | B95: Z toho kapitálové investice existující před 1. lednem 2013, na které se vztahují přechodná ustanovení
A96: 55 | B96: Přímé a nepřímé kapitálové investice instituce do nástrojů zahrnovaných do kapitálu tier 2 a podřízených půjček subjektů finančního sektoru, v nichž instituce má významnou investici (po odečtenío způsobilých krátkých pozice) (záporná hodnota) | H96: Čl. 66 písm. d), články 69, 79
A97: 56 | B97: Normativní úpravy použité na kapitál tier 2 s ohledem na objemy, na které se vztahuje zacházení platné v době před nařízením o kapitálových požadavcích a přechodné zacházení a které podléhají postupnému odstranění, jak je popsáno v nařízení (EU) č. 575/2013 (tj. zbytkové částky stanovené v nařízení o kapitálových požadavcích)
A98: 56a | B98: Zbytkové částky odečtené od kapitálu tier 2 s ohledem na odpočet od kmenového kapitálu tier 1 během přechodného období podle článku 472 nařízení (EU) č. 575/2013 | H98: Článek 472, čl. 472 odst. 3 písm. a), čl. 472 odst. 4, čl. 472 odst. 6, čl. 472 odst. 8 písm. a), čl. 472 odst. 9, čl. 472 odst. 10 písm. a), čl. 472 odst. 11 písm. a)
B99: Z toho položky rozepsané jednotlivě, např. čisté prozatímní ztráty, které jsou podstatné, nehmotná aktiva, nedostatek rezerv na očekávané ztráty atd.
A100: 56b | B100: Zbytkové částky odečtené od kapitálu tier 2 s ohledem na odpočet od vedlejšího kapitálu tier 1 během přechodného období podle článku 475 nařízení (EU) č. 575/2013 | H100: Článek 475, čl. 475 odst. 2 písm. a), čl. 475 odst. 3, čl. 475 odst. 4 písm. a)
...

Sheet Část 3c
A1: Část 3c | C1: PROVÁDĚCÍ NAŘÍZENÍ KOMISE (EU) č. 1423/2013 ze dne 20. prosince 2013, kterým se stanoví prováděcí technické normy, pokud jde o požadavky na zpřístupňování informací o kapitálu uložené institucím podle nařízení Evropského parlamentu a Rady (EU) č. 575/2014
A2: Kapitál IV - od 1.1. 2018
A3: Tuto část uveřejňují i významné dceřinné podniky na základě čl. 13 druhého pododst. nařízení č. 575/2013/EU
A4: Šablona pro zpřístupňování informací o kapitálu podle čl. 437 odst. 1 písm. a) nařízení s výjimkou úplného sesouhlasení položek, filtrů a odpočtů na rozvahu v rámci auditované účetní závěrky
A5: Šablona pro zpřístupňování informací o kapitálu podle čl. 437 odst. 1 písm. d) a e) nařízení
A6: Informace platné k datu | D6: (dd/mm/rrrr)
D7: K ultimu vykazovaného období | E7: K ultimu 1. předcházejícího období | F7: K ultimu 2. předcházejícího období | G7: K ultimu 3. předcházejícího období | H7: Odkaz na článek nařízení č. 575/2013/EU
D8: (qq/rrrr) | E8: (qq/rrrr) | F8: (qq/rrrr) | G8: (qq/rrrr)
A9: 1 | B9: Kapitálové nástroje a související emisní ážio | H9: Čl. 26 odst. 1, články 27, 28, 29
B10: z toho: typ nástroje č. 1 | H10: Seznam EBA podle čl. 26 odst. 3
B11: z toho: typ nástroje č. 2 | H11: Seznam EBA podle čl. 26 odst. 3
B12: z toho: typ nástroje č. 3 | H12: Seznam EBA podle čl. 26 odst. 3
A13: 2 | B13: Nerozdělený zisk | H13: Čl. 26 odst. 1 písm. c)
A14: 3 | B14: Kumulovaný ostatní úplný výsledek hospodaření (a jiné rezervy) | H14: Čl. 26 odst. 1
A15: 3a | B15: Rezervní fond na všeobecná bankovní rizika | H15: Čl. 26 odst. 1 písm. f)
A16: 4 | B16: Objem kvalifikovaných položek uvedených v čl. 484 odst. 3 a souvisejícího emisního ážia podléhající postupnému odstranění z kmenového kapitálu tier 1 | H16: Čl. 486 odst. 2
A17: 5 | B17: Menšinový podíl (hodnota přípustná v konsolidovaném kmenovém kapitálu tier 1) | H17: Článek 84
A18: 5a | B18: Nezávisle ověřený mezitímní zisk snížený o předvídatelné výplaty nebo dividendy | H18: Čl. 26 odst. 2
A19: 6 | B19: Kmenový kapitál tier 1 před normativními úpravami | H19: Součet řádků 1 až 5a
A20: Kmenový kapitál tier 1: normativní úpravy
A21: 7 | B21: Dodatečné úpravy ocenění (záporná hodnota) | H21: Články 34, 105
A22: 8 | B22: Nehmotná aktiva (snížená o související daňové závazky) (záporná hodnota) | H22: Čl. 36 odst. 1 písm. b), článek 37
A23: 9 | B23: V EU prázdná množina
A24: 10 | B24: Odložené daňové pohledávky závislé na budoucím zisku kromě pohledávek vyplývajících z přechodných rozdílů (snížené o související daňové závazky, pokud jsou splněny podmínky čl. 38 odst. 3) (záporná hodnota) | H24: Čl. 36 odst. 1 písm. c), článek 38
A25: 11 | B25: Oceňovací rozdíly ze změn reálné hodnoty spojené se zisky nebo ztrátami ze zajištění peněžních toků | H25: Čl. 33 odst. 1 písm. a)
A26: 12 | B26: Záporné hodnoty vyplývající z výpočtu výše očekávaných ztrát | H26: Čl. 36 odst. 1 písm. d), články 40, 159
A27: 13 | B27: Zvýšení vlastního kapitálu, které vyplývá ze sekuritizace aktiv (záporná hodnota) | H27: Čl. 32 odst. 1
A28: 14 | B28: Zisky nebo ztráty ze závazků oceněných reálnou hodnotou, které vyplývají ze změn vlastního úvěrového hodnocení | H28: Čl. 33 odst. 1 písm. b)
A29: 15 | B29: Zisky nebo ztráty ze závazků oceněných reálnou hodnotou, které vyplývají ze změn vlastního úvěrového hodnocení | H29: Čl. 36 odst. 1 písm. e), článek 41
A30: 16 | B30: Přímé a nepřímé kapitálové investice instituce do vlastních nástrojů zahrnovaných do kmenového kapitálu tier 1 (záporná hodnota) | H30: Čl. 36 odst. 1 písm. f), článek 42
A31: 17 | B31: Přímé, nepřímé a syntetické kapitálové investice do nástrojů zahrnovaných do kmenového kapitálu tier 1 subjektů finančního sektoru, pokud tyto subjekty mají s institucí vztah vzájemné účasti, jehož účelem je uměle zvýšit kapitál instituce (záporná hodnota) | H31: Čl. 36 odst. 1 písm. g), článek 44
A32: 18 | B32: Přímé, nepřímé a syntetické kapitálové investice instituce do nástrojů zahrnovaných do kmenového kapitálu tier 1 subjektů finančního sektoru, v nichž instituce nemá významnou investici (objem vyšší než 10% prahová hodnota po odečtení způsobilých krátkých pozic) (záporná hodnota) | H32: Čl. 36 odst. 1 písm. h), články 43, 45, 46, čl. 49 odst. 2 a 3, článek 79
A33: 19 | B33: Přímé, nepřímé a syntetické kapitálové investice instituce do nástrojů zahrnovaných do kmenového kapitálu tier 1 subjektů finančního sektoru, v nichž instituce má významnou investici (objem vyšší než 10% prahová hodnota po odečtení způsobilých krátkých pozic) (záporná hodnota) | H33: Čl. 36 odst. 1 písm. i), články 43, 45, 47, čl. 48 odst. 1 písm. b), čl. 49 odst. 1 až 3, článek 79
A34: 20 | B34: V EU prázdná množina
A35: 20a | B35: Objem expozice u následujících položek, kterým se má přiřadit riziková váha 1250 %, pokud se instituce rozhodne pro odpočet jako alternativní postup | H35: Čl. 36 odst. 1 písm. k)
A36: 20b | B36: z toho: kvalifikované účasti mimo finanční sektor (záporná hodnota) | H36: Čl. 36 odst. 1 písm. k) bod i), články 89 až 91
A37: 20c | B37: z toho: sekuritizované pozice (záporná hodnota) | H37: Čl. 36 odst. 1 písm. k) bod ii), čl. 243 odst. 1 písm. b), čl. 244 odst. 1 písm. b), článek 258
A38: 20d | B38: z toho: volné dodávky (záporná hodnota) | H38: Čl. 36 odst. 1 písm. k) bod iii), čl. 379 odst. 3
A39: 21 | B39: Odložené daňové pohledávky vyplývající z přechodných rozdílů (objem vyšší než 10% prahová hodnota, snížený o související daňové závazky, jsou-li splněny podmínky stanovené v čl. 38 odst. 3) (záporná hodnota) | H39: Čl. 36 odst. 1 písm. c), článek 38, čl. 48 odst. 1 písm. a)
A40: 22 | B40: Objem přesahující 15% prahovou hodnotu (záporná hodnota) | H40: Čl. 48 odst. 1
A41: 23 | B41: z toho: přímé a nepřímé kapitálové investice instituce do nástrojů zahrnovaných do kmenového kapitálu tier 1 subjektů finančního sektoru, v nichž instituce má významnou investici | H41: Čl. 36 odst. 1 písm. i), čl. 48 odst. 1 písm. b)
A42: 24 | B42: V EU prázdná množina
A43: 25 | B43: z toho: odložené daňové pohledávky vyplývající z přechodných rozdílů | H43: Čl. 36 odst. 1 písm. c), článek 38, čl. 48 odst. 1 písm. a)
A44: 25a | B44: Ztráty běžného účetního roku (záporná hodnota) | H44: Čl. 36 odst. 1 písm. a)
A45: 25b | B45: Předvídatelné daňové platby týkající se položek kmenového kapitálu tier 1 (záporná hodnota) | H45: Čl. 36 odst. 1 písm. l)
A46: 27 | B46: Hodnota položek odečtených od položek vedlejšího kapitálu tier 1, která přesahuje vedlejší kapitál tier 1 instituce (záporná hodnota) | H46: Čl. 36 odst. 1 písm. j)
A47: 28 | B47: Normativní úpravy kmenového kapitálu tier 1 celkem | H47: Součet řádků 7 až 20a, 21, 22 a 25a až 27
A48: 29 | B48: Kmenový kapitál tier 1 | H48: Řádek 6 minus řádek 28
A49: Vedlejší kapitál tier 1: nástroje
A50: 30 | B50: Kapitálové nástroje a související emisní ážio | H50: Články 51, 52
A51: 31 | B51: z toho: podle použitelných účetních standardů považované za vlastní kapitál
A52: 32 | B52: z toho: podle použitelných účetních standardů považované za závazky
A53: 33 | B53: Objem kvalifikovaných položek uvedených v čl. 484 odst. 4 a souvisejícího emisního ážia podléhající postupnému odstranění z vedlejšího kapitálu tier 1 | H53: Čl. 486 odst. 3
A54: 34 | B54: Kvalifikovaný kapitál tier 1 zahrnutý do konsolidovaného vedlejšího kapitálu tier 1 (včetně menšinových podílů nezahrnutých v řádku 5) vydaný dceřinými podniky a držený třetími stranami | H54: Články 85, 86
A55: 35 | B55: z toho: nástroje vydané dceřinými podniky podléhající postupnému odstranění | H55: Čl. 486 odst. 3
A56: 36 | B56: Vedlejší kapitál tier 1 před normativními úpravami | H56: Součet řádků 30, 33 a 34
A57: Vedlejší kapitál tier 1: normativní úpravy
A58: 37 | B58: Přímé a nepřímé kapitálové investice instituce do vlastních nástrojů zahrnovaných do vedlejšího kapitálu tier 1 (záporná hodnota) | H58: Čl. 52 odst. 1 písm. b), čl. 56 písm. a), článek 57
A59: 38 | B59: Přímé, nepřímé a syntetické kapitálové investice do nástrojů zahrnovaných do vedlejšího kapitálu tier 1 subjektů finančního sektoru, s nimiž je instituce ve vztahu vzájemné účasti, jehož účelem je uměle zvýšit kapitál instituce (záporná hodnota) | H59: Čl. 56 písm. b), článek 58
A60: 39 | B60: Přímé, nepřímé a syntetické kapitálové investice do nástrojů zahrnovaných do vedlejšího kapitálu tier 1 subjektů finančního sektoru, v nichž instituce nemá významnou investici (objem vyšší než 10% prahová hodnota po odečtení způsobilých krátkých pozic) (záporná hodnota) | H60: Čl. 56 písm. c), články 59, 60, 79
A61: 40 | B61: Přímé, nepřímé a syntetické kapitálové investice instituce do nástrojů zahrnovaných do vedlejšího kapitálu tier 1 subjektů finančního sektoru, v nichž instituce má významnou investici (po odečtení způsobilých krátkých pozic) (záporná hodnota) | H61: Čl. 56 písm. d), články 59, 79
A62: 41 | B62: V EU prázdná množina
A63: 42 | B63: Hodnota položek odečtených od položek kapitálu tier 2, která převyšuje kapitál tier 2 instituce (záporná hodnota) | H63: Čl. 56 písm. e)
A64: 43 | B64: Normativní úpravy vedlejšího kapitálu tier 1 celkem | H64: Součet řádků 37 až 42
A65: 44 | B65: Vedlejší kapitál tier 1 | H65: Řádek 36 minus řádek 43
A66: 45 | B66: Kapitál tier 1 = kmenový kapitál tier 1 + vedlejší kapitál tier 1 | H66: Součet řádků 29 a 44
A67: Kapitál tier 2: nástroje a položky
A68: 46 | B68: Kapitálové nástroje a související emisní ážio | H68: Články 62, 63
A69: 47 | B69: Objem kvalifikovaných položek uvedených v čl. 484 odst. 5 a souvisejícího emisního ážia podléhající postupnému odstranění z kapitálu tier 2 | H69: Čl. 486 odst. 4
A70: 48 | B70: Kvalifikované kapitálové nástroje zahrnuté do konsolidovaného kapitálu tier 2 (včetně menšinových podílů a nástrojů zahrnovaných do vedlejšího kapitálu tier 1 nezahrnutých v řádku 5 nebo řádku 34) emitované dceřinými podniky a držené třetími stranami | H70: Články 87, 88
A71: 49 | B71: z toho: nástroje vydané dceřinými podniky podléhající postupnému odstranění | H71: Čl. 486 odst. 4
A72: 50 | B72: Úpravy o úvěrové riziko | H72: Čl. 62 písm. c) a d)
A73: 51 | B73: Kapitál tier 2 před normativními úpravami
A74: Kapitál tier 2: normativní úpravy
A75: 52 | B75: Přímé a nepřímé kapitálové investice instituce do vlastních nástrojů zahrnovaných do kapitálu tier 2 a podřízených půjček (záporná hodnota) | H75: Čl. 63 písm. b) bod i), čl. 66 písm. a), článek 67
A76: 53 | B76: Kapitálové investice do nástrojů zahrnovaných do kapitálu tier 2 a podřízených půjček subjektů finančního sektoru, s nimiž je instituce ve vztahu vzájemné účasti, jehož účelem je uměle zvýšit kapitál instituce (záporná hodnota) | H76: Čl. 66 písm. b), článek 68
A77: 54 | B77: Přímé a nepřímé kapitálové investice do nástrojů zahrnovaných do kapitálu tier 2 a podřízených půjček subjektů finančního sektoru, v nichž instituce nemá významnou investici (objem vyšší než 10% prahová hodnota po odečtení způsobilých krátkých pozic) (záporná hodnota) | H77: Čl. 66 písm. c), články 69, 70, 79
A78: 55 | B78: Přímé a nepřímé kapitálové investice instituce do nástrojů zahrnovaných do kapitálu tier 2 a podřízených půjček subjektů finančního sektoru, v nichž instituce má významnou investici (po odečtení způsobilých krátkých pozic) (záporná hodnota) | H78: Čl. 66 písm. d), články 69, 79
A79: 56 | B79: V EU prázdná množina
A80: 57 | B80: Normativní úpravy kapitálu tier 2 celkem | H80: Součet řádků 52 až 56
A81: 58 | B81: Kapitál tier 2 | H81: Řádek 51 minus řádek 57
A82: 59 | B82: Celkový kapitál = kapitál tier 1 + kapitál tier 2 | H82: Součet řádků 45 a 58
A83: 60 | B83: Rizikově vážená aktiva celkem
A84: Kapitálové poměry a rezervy
A85: 61 | B85: Kmenový kapitál tier 1 (vyjádřený jako procentní podíl celkového objemu rizikové expozice) | H85: Čl. 92 odst. 2 písm. a)
A86: 62 | B86: Kapitál tier 1 (vyjádřený jako procentní podíl celkového objemu rizikové expozice) | H86: Čl. 92 odst. 2 písm. b)
A87: 63 | B87: Celkový kapitál (vyjádřený jako procentní podíl celkového objemu rizikové expozice) | H87: Čl. 92 odst. 2 písm. c)
A88: 64 | B88: Požadavek na rezervu stanovenou konkrétně pro danou instituci (požadavek na kmenový kapitál tier 1 v souladu s čl. 92 odst. 1 písm. a) plus požadavky na bezpečnostní kapitálovou rezervu a proticyklickou kapitálovou rezervu, plus rezerva pro krytí systémového rizika, plus rezerva pro systémově významnou instituci, vyjádřené jako procentní podíl objemu rizikové expozice) | H88: Směrnice o kapitálových požadavcích, články 128, 129, 130, 131, 133
A89: 65 | B89: z toho: požadavek na bezpečnostní kapitálovou rezervu
A90: 66 | B90: z toho: požadavek na proticyklickou kapitálovou rezervu
A91: 67 | B91: z toho: požadavek na rezervu pro krytí systémového rizika
A92: 67a | B92: z toho: rezerva pro globální systémově významnou instituci (G-SVI) nebo jinou systémově významnou instituci (J-SVI)
A93: 68 | B93: Kmenový kapitál tier 1 dostupný na splnění požadavků na rezervy (vyjádřený jako procentní podíl objemu rizikové expozice) | H93: Směrnice o kapitálových požadavcích, článek 128
A94: 69 | B94: [V nařízení EU není relevantní]
A95: 70 | B95: [V nařízení EU není relevantní]
A96: 71 | B96: [V nařízení EU není relevantní
A97: Objemy pod prahovými hodnotami pro odpočet (před použitím rizikových vah)
A98: 72 | B98: Přímé a nepřímé kapitálové investice do kapitálu subjektů finančního sektoru, v nichž instituce nemá významnou investici (objem nižší než 10% prahová hodnota po odečtení způsobilých krátkých pozic) | H98: Čl. 36 odst. 1 písm. h), články 46, 45 čl. 56 písm. c), články 59, 60 čl. 66 písm. c), články 69, 70
A99: 73 | B99: Přímé a nepřímé kapitálové investice instituce do nástrojů zahrnovaných do kmenového kapitálu tier 1 subjektů finančního sektoru, v nichž instituce má významnou investici (objem nižší než 10% prahová hodnota po odečtení způsobilých krátkých pozic) | H99: Čl. 36 odst. 1 písm. i), články 45, 48
A100: 74 | B100: V EU prázdná množina
...

Sheet Část 3d
A1: Část 3d | B1: PROVÁDĚCÍ NAŘÍZENÍ KOMISE (EU) č. 1423/2013 ze dne 20. prosince 2013, kterým se stanoví prováděcí technické normy, pokud jde o požadavky na zpřístupňování informací o kapitálu uložené institucím podle nařízení Evropského parlamentu a Rady (EU) č. 575/2013
A2: Kapitál V
A3: Tuto část uveřejňují i významné dceřinné podniky na základě čl. 13 druhého pododst. nařízení č. 575/2013/EU
A4: Instituce zpřístupňují níže uvedené informace týkající se jejich kapitálu | D4: nařízení č. 575/2013/EU
A6: =Obsah!A3 -> Informace platné k datu
A7: Podmínky všech nástrojů kmenového kapitálu tier 1, vedlejšího kapitálu tier 1 a kapitálu tier 2 v plném znění | D7: čl. 437 odst. 1 písm. c)
D13: čl. 437 odst. 1 písm. c)
A38: Pokud instituce zpřístupňují kapitálové poměry vypočtené pomocí složek kapitálu určených na jiném základě, než který je stanoven v tomto nařízení, uveřejní komplexní objasnění základu použitého pro výpočet těchto poměrů kapitálu | D38: čl. 437 odst. 1 písm. f)

Sheet Část 4
A1: Část 4
A2: Požadavky na kapitál
A3: Tuto část uveřejňují i významné dceřinné podniky na základě čl. 13 druhého pododst. nařízení č. 575/2013/EU
A4: Instituce zpřístupňují níže uvedené informace týkající se splnění požadavků stanovených v článku 92 Nařízení 2013/575/EU a v článku 73 směrnice 2013/36/EU | D4: nařízení č. 575/2013/EU
A6: =Obsah!A3 -> Informace platné k datu
A7: Shrnutí přístupu instituce k hodnocení přiměřenosti jejího vnitřně stanoveného kapitálu vzhledem k současným a budoucím činnostem | D7: čl. 438 písm. a)
D9: CRD 438 písm. a)
A24: Výsledek interního postupu instituce pro hodnocení kapitálové přiměřenosti včetně složení dodatečných kapitálových požadavků na základě procesu dohledu uvedené v čl. 104 odst. 1 písm. a) směrnice 2013/36/EU | D24: čl. 438 písm. b)
D26: čl. 438 písm. b)
A41: Instituce, které počítají objem rizikově vážených expozic podle čl. 153 odst. 5 nebo čl. 155 odst. 2, zpřístupňují expozice přiřazené k jednotlivým kategoriím v tabulce č. 1 v čl. 153 odst. 5 nebo k jednotlivým rizikovým váhám zmíněným v čl. 155 odst. 2. | D41: čl. 438 pododst. 1
D43: čl. 438 pododst. 1

Sheet Část 4a
A1: Část 4
A2: Požadavky na kapitál
A3: Tuto část uveřejňují i významné dceřinné podniky na základě čl. 13 druhého pododst. nařízení č. 575/2013/EU
A4: Instituce zpřístupňují níže uvedené informace týkající se splnění požadavků stanovených v článku 92 nařízení č. 575/2013/EU a v článku 73 směrnice 2013/36/EU | G4: nařízení č. 575/2013/EU
A6: =Obsah!A3 -> Informace platné k datu | F6: =Obsah!C3 -> (30/6/2015)
C7: K ultimu vykazovaného období | D7: K ultimu 1. předcházejícího období | E7: K ultimu 2. předcházejícího období | F7: K ultimu 3. předcházejícího období
C8: ='Část 3b'!D8 -> (2Q/2015) | D8: ='Část 3b'!E8 -> (1Q/2015) | E8: ='Část 3b'!F8 -> (4Q/2014) | F8: ='Část 3b'!G8 -> (3Q/2014)
A9: V případě institucí, které počítají objem rizikově vážených expozic podle části třetí hlavy II kapitoly 2, 8 % objemu rizikově vážených expozic pro každou kategorii expozic uvedenou v článku 112 | B9: Expozice vůči ústředním vládám nebo centrálním bankám | C9: 0 | D9: 0 | E9: 0 | F9: 0 | G9: čl. 438 písm. c)
B10: Expozice vůči regionálním vládám nebo místním orgánům | C10: 0 | D10: 0 | E10: 0 | F10: 0
B11: Expozice vůči subjektům veřejného sektoru | C11: 0 | D11: 0 | E11: 0 | F11: 0
B12: Expozice vůči mezinárodním rozvojovým bankám | C12: 0 | D12: 0 | E12: 0 | F12: 0
B13: Expozice vůči mezinárodním organizacím | C13: 0 | D13: 0 | E13: 0 | F13: 0
B14: Expozice vůči institucím | C14: 0 | D14: 0 | E14: 0 | F14: 0
B15: Expozice vůči podnikům | C15: 0 | D15: 0 | E15: 0 | F15: 0
B16: Retailové expozice | C16: 0 | D16: 0 | E16: 0 | F16: 0
B17: Expozice zajištěné nemovitostmi | C17: 93985.891 | D17: 99393.562 | E17: 103554.44 | F17: 109469.64
B18: Expozice v selhání | C18: 235.47208 | D18: 219.54658 | E18: 219.33417 | F18: 217.10253
B19: Expozice spojené s obzvláště vysokým rizikem | C19: 0 | D19: 0 | E19: 0 | F19: 0
B20: Expozice v krytých dluhopisech | C20: 0 | D20: 0 | E20: 0 | F20: 0
B21: Položky představující sekuritizované pozice | C21: 0 | D21: 0 | E21: 0 | F21: 0
... B25: Ostatní položky | C25: 0 | D25: 0 | E25: 0 | F25: 0
A26: kapitálové požadavky vypočítané podle čl. 92 odst. 3 písm. b) a c | B26: K pozičnímu riziku | C26: 0 | D26: 0 | E26: 0 | F26: 0 | G26: čl. 438 písm. e)
B27: Pro velké expozice přesahující limity stanovené v článcích 395 až 401, pokud je instituci povoleno tyto limity překročit | C27: 0 | D27: 0 | E27: 0 | F27: 0
B28: K měnovému rizyku | C28: 0 | D28: 0 | E28: 0 | F28: 0
B29: K vypořádacímu riziku | C29: 0 | D29: 0 | E29: 0 | F29: 0
B30: Ke komoditnímu riziku | C30: 0 | D30: 0 | E30: 0 | F30: 0
A31: Kapitálové požadavky vypočítané podle části třetí hlavy III kapitol 2, 3 a 4 Nařízení 2013/575/EU a zpřístupňované odděleně | B31: Kapitálový požadavek podle hlavy III kapitoly 2 nařízení 2013/575/EU | C31: 507321.42 | D31: 507321.42 | E31: 451582.78 | F31: 451582.78 | G31: čl. 438 písm. f)
B32: Kapitálový požadavek podle hlavy III kapitoly 3 nařízení 2013/575/EU
B33: Kapitálový požadavek podle hlavy III kapitoly 4 nařízení 2013/575/EU
A34: V případě institucí, které počítají objem rizikově vážených expozic podle části třetí hlavy II kapitoly 3, 8 % objemu rizikově vážených expozic pro každou kategorii expozic uvedenou v článku 147. V případě kategorie retailových expozic se tento požadavek použije na každou kategorii expozic, které odpovídají různé korelace podle čl. 154 odst. 1 až 4 | B34: Expozice vůči ústředním vládám nebo centrálním bankám | C34: 0 | D34: 0 | E34: 0 | F34: 0 | G34: čl. 438 písm. d)
B35: Expozice vůči institucím | C35: 325552.62 | D35: 353940.13 | E35: 328676.81 | F35: 385842.9
B36: Expozice vůči podnikům | C36: 0 | D36: 0 | E36: 0 | F36: 0
B37: Retailové expozice | C37: 5387089.7 | D37: 5284809.9 | E37: 5256154.3 | F37: 5293728.8
B38: Akciové expozice | C38: 0 | D38: 0 | E38: 0 | F38: 0
B39: Položky představující sekuritizované pozice | C39: 0 | D39: 0 | E39: 0 | F39: 0
B40: Jiná aktiva nemající povahu úvěrového závazku | C40: 524778.21 | D40: 415445.39 | E40: 158007.16 | F40: 210352.41

Sheet Část 5
A1: Část 5
A2: Expozice vůči úvěrovému riziku protistrany
A4: Instituce zpřístupňují níže uvedené informace týkající se expozice instituce úvěrovému riziku protistrany uvedené v části třetí hlavě II kapitole 6 | D4: nařízení č. 575/2013/EU
A6: =Obsah!A3 -> Informace platné k datu | C6: =Obsah!C3 -> (30/6/2015)
A7: Diskuse metodiky použité pro přiřazení vnitřně stanoveného kapitálu a úvěrových limitů pro úvěrové expozice vůči protistraně | D7: čl. 439 písm. a)
D9: čl. 439 písm. a)
A24: Diskuse zásad zajištění kolaterálem a ustavení úvěrových rezerv | D24: čl. 439 písm. b)
D26: čl. 439 písm. b)
A41: Diskusi zásad týkajících se expozic rizika pozitivní korelace | D41: čl. 439 písm. c)
D43: čl. 439 písm. c)
A58: Diskuse dopadu výše kolaterálu, kterou by instituce musely poskytnout v případě snížení svého ratingu | D58: čl. 439 písm. d)
D60: čl. 439 písm. d)
A75: Hrubá kladná reálná hodnota smluv | D75: čl. 439 písm. e)
A76: Prospěch ze započtení
A77: Započtená současná úvěrová expozice
A78: Kolaterál v držení instituce a čistou úvěrovou expozici z derivátu, kde Čistá úvěrová expozice z derivátu je úvěrová expozice u derivátových transakcí po zohlednění prospěchu z právně vymahatelných dohod o započtení a opatření týkajících se kolaterálu
A79: Měření hodnoty expozice metodami stanovenými v části třetí hlavě II kapitole 6 oddílech 3 až 6, podle toho, která metoda se použije | D79: čl. 439 písm. f)
D85: čl. 439 písm. f)
A96: Pomyslná hodnota zajišťovacích operací s úvěrovými deriváty a rozdělení současné úvěrové expozice podle druhů úvěrové expozice | D96: čl. 439 písm. g)
A97: Druh expozice | C97: Pomyslná hodnota
D103: čl. 439 písm. g)
A113: Odhad α, pokud k němu instituce obdržela svolení příslušných orgánů | D113: čl. 439 písm. i)
A114: Pomyslné objemy úvěrových derivátových transakcí, odděleně podlepoužití pro vlastní úvěrové portfolio instituce a v rámci zprostředkovatelské činnosti včetně rozdělení použitých úvěrových derivátových produktů členěných dále podle | D114: čl. 439 písm. h)
A115: Skupina produktů | B115: Koupené zajištění | C115: Prodané zajištění
D121: čl. 439 písm. h)

Sheet Část 6
A1: Část 6
A2: Kapitálové rezervy
A3: Tuto část uveřejňují i významné dceřinné podniky na základě čl. 13 druhého pododst. nařízení č. 575/2013/EU
A4: Instituce zpřístupňuje níže uvedené informace týkající se dodržování požadavku na proticyklickou kapitálovou rezervu podle hlavy VII kapitoly 4 směrnice | D4: nařízení č. 575/2013/EU
A6: =Obsah!A3 -> Informace platné k datu
A7: Objem proticyklické kapitálové rezervy stanovené konkrétně pro danou instituci | D7: čl. 440 odst. 1 písm. b)
A8: Zeměpisné rozdělení svých úvěrových expozic relevantních pro výpočet proticyklické kapitálové rezervy | D8: čl. 440 odst. 1 písm. a)
A9: Zeměpisné rozdělení úvěrových expozic | C9: Expozice

Sheet Část 7
A1: Část 7
A2: Úpravy o úvěrové riziko I
A3: Tuto část uveřejňují i významné dceřinné podniky na z. čl. 13 druhého pododst. nařízení č. 575/2013/EU
A4: Instituce zpřístupňují níže uvedené informace týkající se expozice instituce úvěrovému riziku a riziku rozmělnění | G4: nařízení č. 575/2013/EU
A6: =Obsah!A3 -> Informace platné k datu
A7: Definice pojmu „po splatnosti“ pro účely účetnictví : | G7: čl. 442 písm. a)
A9: Definice pojmu „se sníženou hodnotou“ pro účely účetnictví :
A11: Popis přístupů a metod přijatých pro určení specifických a obecných úprav o úvěrové riziko: | G11: čl. 442 písm. b)
F30: Objem (v tis. Kč) | G30: čl. 442 písm. c)
A31: Celkový objem expozic po účetních kompenzacích a bez zohlednění účinků snižování úvěrového rizika
A32: STA Průměrný objem expozic za celé období v členění podle jednotlivých kategorií expozic
A33: Expozice vůči ústředním vládám nebo centrálním bankám
A34: Expozice vůči regionálním vládám nebo místním orgánům
A35: Expozice vůči subjektům veřejného sektoru
A36: Expozice vůči mezinárodním rozvojovým bankám
A37: Expozice vůči mezinárodním organizacím
A38: Expozice vůči institucím
A39: Expozice vůči podnikům
A40: Retailové expozice
A41: Expozice zajištěné nemovitostmi
A42: Expozice v selhání
... A56: Ostatní položky
A58: Zeměpisné rozdělení expozic, a to v členění ve významných oblastech podle podstatných kategorií expozic, případně s dalšími podrobnostmi | G58: čl. 442 písm. d)
A59: Zeměpisné rozdělení expozic (zde se uvede zeměpisná oblast) | C59: Objem (v tis. Kč) | D59: Členění ve významných oblastech podle podstatných kategorií expozic (zde se uvede kategorie expozice k oblasti uvedené ve sloupci A)* | E59: Objem (v tis. Kč) | F59: Další podrobnosti
A61: 1
A62: 2
A63: 3
A64: 4
A65: 5
G71: čl. 442 písm. d)
G81: čl. 442 písm. d)
G91: čl. 442 písm. d)
G101: čl. 442 písm. d)
A111: Rozdělení expozic podle odvětví nebo druhu protistrany, a to v členění podle kategorií expozic, včetně uvedení expozice vůči malým a středním podnikům, případně s dalšími podrobnostmi | G111: čl. 442 písm. e)
A112: Rozdělení expozic podle odvětví nebo druhu protistrany (zde se uvede odvětví/druh protistrany) | C112: Objem (v tis. Kč) | D112: Kategorie expozic (zde se uvede kategorie expozice k danému odvětví/druhu protistrany uvedém ve sloupci A)* | E112: Objem (v tis. Kč) | F112: Další podrobnosti
A114: 1
A115: 2
A116: 3
A117: 0
G124: čl. 442 písm. e)
G134: čl. 442 písm. e)
G144: čl. 442 písm. e)
G154: čl. 442 písm. e)
A164: Rozdělení všech expozic podle zbytkové splatnosti, a to v členění podle jednotlivých kategorií expozic, případně s dalšími podrobnostmi | G164: čl. 442 písm. f)
A165: Časové pásmo | B165: Kategorie expozic (zde se uvede kategorie expozice k dané zbytkové splatnosti uvedené ve sloupci C)* | C165: Objem (v tis. Kč) | D165: Expozice podle zbytkové splatnosti (zde se uvede zbytková splatnost) | E165: Objem (v tis. Kč) | F165: Další podrobnosti
A167: 1
A168: 2
A169: 3
A170: 4
A171: 5
A172: 1
A173: 2
A174: 3
A175: 4
A176: 5
A177: 1 | G177: čl. 442 písm. f)
A178: 2
A179: 3
A180: 4
A181: 5
G187: čl. 442 písm. f)
G197: čl. 442 písm. f)
G207: čl. 442 písm. f)
A217: * Hodnoty ve sloupci se mohou opakovat.

Sheet Část 8
A1: Část 8 | B1: EBA Guidelines on unencumbered assets, EBA/GL/2014/03
A2: Nezatížená aktiva
A4: Nezatížená aktiva | H4: nařízení č. 575/2013/EU
A6: =Obsah!A3 -> Informace platné k datu
A7: Výkaz A-Aktiva | H7: čl. 443
D8: Účetní hodnota zatížených aktiv | E8: Reálná hodnota zatížených aktiv | F8: Účetní hodnota nezatížených aktiv | G8: Reálná hodnota nezatížených aktiv
D11: 010 | E11: 040 | F11: 060 | G11: 090
B12: 010 | C12: Aktiva vykazující instituce
B13: 030 | C13: Kapitálové nástroje
B14: 040 | C14: Dluhové cenné papíry
B15: 120 | C15: Ostatní aktiva
A18: Výkaz B-Přijaté zajištění (kolaterál)
D19: Reálná hodnota přijatého zatíženého zajištění nebo emitovaných vlastních dluhových cenných papírů | E19: Reálná hodnota přijatého zajištění nebo zatížitelných emitovaných vlastních dluhových cenných papírů
D22: 010 | E22: 040
B23: 130 | C23: Zajištění přijaté vykazující institucí
B24: 150 | C24: Kapitálové nástroje
B25: 160 | C25: Dluhové cenné papíry
B26: 230 | C26: Ostatní přijaté zajištění
B27: 240 | C27: Emitované vlastní dluhové cenné papíry jiné než kryté dluhopisy nebo cenné papíry kryté aktivy (ABS).
A30: Výkaz C-Zatížená aktiva/přijaté zajištění a související závazky
D31: Vyrovnávací závazky, podmíněné závazky nebo zapůjčené cenné papíry | E31: Aktiva, přijaté zajištění a emitované vlastní dluhové CP jiné než kryté dluhopisy a zatížené ABS
D33: 010 | E33: 030
B34: 010 | C34: Účetní hodnota vybraných finančních závazků
E37: Takto označená pole nevyplňujte.
A40: D- informace o významu zatížení

Sheet Část 9
A1: Část 9
A2: Použití externích ratingových agentur
A4: Použití externích ratingových agentur | E4: nařízení č. 575/2013/EU
A6: =Obsah!A3 -> Informace platné k datu | C6: =Obsah!C3 -> (30/6/2015)
A7: V případě institucí, které počítají objem rizikově vážených expozic podle části třetí hlavy II kapitoly 2, se za každou kategorii expozic uvedenou v článku 112 zpřístupňují tyto informace: | B7: Expozice vůči ústředním vládám nebo centrálním bankám | C7: Názvy určených externích ratingových agentur a exportních úvěrových agentur a důvody pro případné změny | E7: čl. 444 písm. a) - e)
C8: Kategorie expozic, pro které jsou jednotlivé externí ratingové agentury nebo exportní úvěrové agentury používány
C9: Popis postupu používaného k převodu úvěrových hodnocení emitenta a emise na položky, které nejsou součástí obchodního portfolia
C10: Přiřazení externího ratingu jednotlivých určených externích ratingových agentur nebo exportních úvěrových agentur stupňům úvěrové kvality stanoveným v části třetí hlavě II kapitole 2, přičemž tato informace nemusí být zpřístupněna, pokud instituce splňuje standardní způsob přiřazování zveřejněný orgánem EBA
C11: Hodnoty expozic a hodnoty expozic po snižování úvěrového rizika přiřazené jednotlivým stupňům úvěrové kvality předepsaným v části třetí hlavě II kapitole 2, jakož i ty, které byly odečteny od kapitálu
B12: Expozice vůči regionálním vládám nebo místním orgánům | C12: Názvy určených externích ratingových agentur a exportních úvěrových agentur a důvody pro případné změny | E12: čl. 444 písm. a) - e)
C13: Kategorie expozic, pro které jsou jednotlivé externí ratingové agentury nebo exportní úvěrové agentury používány
C14: Popis postupu používaného k převodu úvěrových hodnocení emitenta a emise na položky, které nejsou součástí obchodního portfolia
C15: Přiřazení externího ratingu jednotlivých určených externích ratingových agentur nebo exportních úvěrových agentur stupňům úvěrové kvality stanoveným v části třetí hlavě II kapitole 2, přičemž tato informace nemusí být zpřístupněna, pokud instituce splňuje standardní způsob přiřazování zveřejněný orgánem EBA
C16: Hodnoty expozic a hodnoty expozic po snižování úvěrového rizika přiřazené jednotlivým stupňům úvěrové kvality předepsaným v části třetí hlavě II kapitole 2, jakož i ty, které byly odečteny od kapitálu.
B17: Expozice vůči subjektům veřejného sektoru | C17: Názvy určených externích ratingových agentur a exportních úvěrových agentur a důvody pro případné změny | E17: čl. 444 písm. a) - e)
C18: Kategorie expozic, pro které jsou jednotlivé externí ratingové agentury nebo exportní úvěrové agentury používány
C19: Popis postupu používaného k převodu úvěrových hodnocení emitenta a emise na položky, které nejsou součástí obchodního portfolia
C20: Přiřazení externího ratingu jednotlivých určených externích ratingových agentur nebo exportních úvěrových agentur stupňům úvěrové kvality stanoveným v části třetí hlavě II kapitole 2, přičemž tato informace nemusí být zpřístupněna, pokud instituce splňuje standardní způsob přiřazování zveřejněný orgánem EBA
C21: Hodnoty expozic a hodnoty expozic po snižování úvěrového rizika přiřazené jednotlivým stupňům úvěrové kvality předepsaným v části třetí hlavě II kapitole 2, jakož i ty, které byly odečteny od kapitálu
B22: Expozice vůči mezinárodním rozvojovým bankám | C22: Názvy určených externích ratingových agentur a exportních úvěrových agentur a důvody pro případné změny | E22: čl. 444 písm. a) - e)
C23: Kategorie expozic, pro které jsou jednotlivé externí ratingové agentury nebo exportní úvěrové agentury používány
C24: Popis postupu používaného k převodu úvěrových hodnocení emitenta a emise na položky, které nejsou součástí obchodního portfolia
C25: Přiřazení externího ratingu jednotlivých určených externích ratingových agentur nebo exportních úvěrových agentur stupňům úvěrové kvality stanoveným v části třetí hlavě II kapitole 2, přičemž tato informace nemusí být zpřístupněna, pokud instituce splňuje standardní způsob přiřazování zveřejněný orgánem EBA
C26: Hodnoty expozic a hodnoty expozic po snižování úvěrového rizika přiřazené jednotlivým stupňům úvěrové kvality předepsaným v části třetí hlavě II kapitole 2, jakož i ty, které byly odečteny od kapitálu
B27: Expozice vůči mezinárodním organizacím | C27: Názvy určených externích ratingových agentur a exportních úvěrových agentur a důvody pro případné změny | E27: čl. 444 písm. a) - e)
C28: Kategorie expozic, pro které jsou jednotlivé externí ratingové agentury nebo exportní úvěrové agentury používány
C29: Popis postupu používaného k převodu úvěrových hodnocení emitenta a emise na položky, které nejsou součástí obchodního portfolia
C30: Přiřazení externího ratingu jednotlivých určených externích ratingových agentur nebo exportních úvěrových agentur stupňům úvěrové kvality stanoveným v části třetí hlavě II kapitole 2, přičemž tato informace nemusí být zpřístupněna, pokud instituce splňuje standardní způsob přiřazování zveřejněný orgánem EBA
C31: Hodnoty expozic a hodnoty expozic po snižování úvěrového rizika přiřazené jednotlivým stupňům úvěrové kvality předepsaným v části třetí hlavě II kapitole 2, jakož i ty, které byly odečteny od kapitálu
B32: Expozice vůči institucím | C32: Názvy určených externích ratingových agentur a exportních úvěrových agentur a důvody pro případné změny | E32: čl. 444 písm. a) - e)
C33: Kategorie expozic, pro které jsou jednotlivé externí ratingové agentury nebo exportní úvěrové agentury používány
C34: Popis postupu používaného k převodu úvěrových hodnocení emitenta a emise na položky, které nejsou součástí obchodního portfolia
C35: Přiřazení externího ratingu jednotlivých určených externích ratingových agentur nebo exportních úvěrových agentur stupňům úvěrové kvality stanoveným v části třetí hlavě II kapitole 2, přičemž tato informace nemusí být zpřístupněna, pokud instituce splňuje standardní způsob přiřazování zveřejněný orgánem EBA
C36: Hodnoty expozic a hodnoty expozic po snižování úvěrového rizika přiřazené jednotlivým stupňům úvěrové kvality předepsaným v části třetí hlavě II kapitole 2, jakož i ty, které byly odečteny od kapitálu.
A37: V případě institucí, které počítají objem rizikově vážených expozic podle části třetí hlavy II kapitoly 2, se za každou kategorii expozic uvedenou v článku 112 zpřístupňují tyto informace: | B37: Expozice vůči podnikům | C37: Názvy určených externích ratingových agentur a exportních úvěrových agentur a důvody pro případné změny | E37: čl. 444 písm. a) - e)
C38: Kategorie expozic, pro které jsou jednotlivé externí ratingové agentury nebo exportní úvěrové agentury používány
C39: Popis postupu používaného k převodu úvěrových hodnocení emitenta a emise na položky, které nejsou součástí obchodního portfolia
C40: Přiřazení externího ratingu jednotlivých určených externích ratingových agentur nebo exportních úvěrových agentur stupňům úvěrové kvality stanoveným v části třetí hlavě II kapitole 2, přičemž tato informace nemusí být zpřístupněna, pokud instituce splňuje standardní způsob přiřazování zveřejněný orgánem EBA
C41: Hodnoty expozic a hodnoty expozic po snižování úvěrového rizika přiřazené jednotlivým stupňům úvěrové kvality předepsaným v části třetí hlavě II kapitole 2, jakož i ty, které byly odečteny od kapitálu
B42: Expozice vůči podnikům | C42: Názvy určených externích ratingových agentur a exportních úvěrových agentur a důvody pro případné změny | E42: čl. 444 písm. a) - e)
C43: Kategorie expozic, pro které jsou jednotlivé externí ratingové agentury nebo exportní úvěrové agentury používány
C44: Popis postupu používaného k převodu úvěrových hodnocení emitenta a emise na položky, které nejsou součástí obchodního portfolia
C45: Přiřazení externího ratingu jednotlivých určených externích ratingových agentur nebo exportních úvěrových agentur stupňům úvěrové kvality stanoveným v části třetí hlavě II kapitole 2, přičemž tato informace nemusí být zpřístupněna, pokud instituce splňuje standardní způsob přiřazování zveřejněný orgánem EBA
C46: Hodnoty expozic a hodnoty expozic po snižování úvěrového rizika přiřazené jednotlivým stupňům úvěrové kvality předepsaným v části třetí hlavě II kapitole 2, jakož i ty, které byly odečteny od kapitálu
B47: Retailové expozice | C47: Názvy určených externích ratingových agentur a exportních úvěrových agentur a důvody pro případné změny | E47: čl. 444 písm. a) - e)
C48: Kategorie expozic, pro které jsou jednotlivé externí ratingové agentury nebo exportní úvěrové agentury používány
C49: Popis postupu používaného k převodu úvěrových hodnocení emitenta a emise na položky, které nejsou součástí obchodního portfolia
C50: Přiřazení externího ratingu jednotlivých určených externích ratingových agentur nebo exportních úvěrových agentur stupňům úvěrové kvality stanoveným v části třetí hlavě II kapitole 2, přičemž tato informace nemusí být zpřístupněna, pokud instituce splňuje standardní způsob přiřazování zveřejněný orgánem EBA
C51: Hodnoty expozic a hodnoty expozic po snižování úvěrového rizika přiřazené jednotlivým stupňům úvěrové kvality předepsaným v části třetí hlavě II kapitole 2, jakož i ty, které byly odečteny od kapitálu.
B52: Expozice zajištěné nemovitostmi | C52: Názvy určených externích ratingových agentur a exportních úvěrových agentur a důvody pro případné změny | E52: čl. 444 písm. a) - e)
C53: Kategorie expozic, pro které jsou jednotlivé externí ratingové agentury nebo exportní úvěrové agentury používány
C54: Popis postupu používaného k převodu úvěrových hodnocení emitenta a emise na položky, které nejsou součástí obchodního portfolia
C55: Přiřazení externího ratingu jednotlivých určených externích ratingových agentur nebo exportních úvěrových agentur stupňům úvěrové kvality stanoveným v části třetí hlavě II kapitole 2, přičemž tato informace nemusí být zpřístupněna, pokud instituce splňuje standardní způsob přiřazování zveřejněný orgánem EBA
C56: Hodnoty expozic a hodnoty expozic po snižování úvěrového rizika přiřazené jednotlivým stupňům úvěrové kvality předepsaným v části třetí hlavě II kapitole 2, jakož i ty, které byly odečteny od kapitálu
B57: Expozice v selhání | C57: Názvy určených externích ratingových agentur a exportních úvěrových agentur a důvody pro případné změny | E57: čl. 444 písm. a) - e)
C58: Kategorie expozic, pro které jsou jednotlivé externí ratingové agentury nebo exportní úvěrové agentury používány
C59: Popis postupu používaného k převodu úvěrových hodnocení emitenta a emise na položky, které nejsou součástí obchodního portfolia
C60: Přiřazení externího ratingu jednotlivých určených externích ratingových agentur nebo exportních úvěrových agentur stupňům úvěrové kvality stanoveným v části třetí hlavě II kapitole 2, přičemž tato informace nemusí být zpřístupněna, pokud instituce splňuje standardní způsob přiřazování zveřejněný orgánem EBA
C61: Hodnoty expozic a hodnoty expozic po snižování úvěrového rizika přiřazené jednotlivým stupňům úvěrové kvality předepsaným v části třetí hlavě II kapitole 2, jakož i ty, které byly odečteny od kapitálu.
B62: Expozice spojené s obzvláště vysokým rizikem | C62: Názvy určených externích ratingových agentur a exportních úvěrových agentur a důvody pro případné změny | E62: čl. 444 písm. a) - e)
C63: Kategorie expozic, pro které jsou jednotlivé externí ratingové agentury nebo exportní úvěrové agentury používány
C64: Popis postupu používaného k převodu úvěrových hodnocení emitenta a emise na položky, které nejsou součástí obchodního portfolia
C65: Přiřazení externího ratingu jednotlivých určených externích ratingových agentur nebo exportních úvěrových agentur stupňům úvěrové kvality stanoveným v části třetí hlavě II kapitole 2, přičemž tato informace nemusí být zpřístupněna, pokud instituce splňuje standardní způsob přiřazování zveřejněný orgánem EBA
C66: Hodnoty expozic a hodnoty expozic po snižování úvěrového rizika přiřazené jednotlivým stupňům úvěrové kvality předepsaným v části třetí hlavě II kapitole 2, jakož i ty, které byly odečteny od kapitálu
A67: V případě institucí, které počítají objem rizikově vážených expozic podle části třetí hlavy II kapitoly 2, se za každou kategorii expozic uvedenou v článku 112 zpřístupňují tyto informace: | B67: Expozice v krytých dluhopisech | C67: Názvy určených externích ratingových agentur a exportních úvěrových agentur a důvody pro případné změny | E67: čl. 444 písm. a) - e)
C68: Kategorie expozic, pro které jsou jednotlivé externí ratingové agentury nebo exportní úvěrové agentury používány
C69: Popis postupu používaného k převodu úvěrových hodnocení emitenta a emise na položky, které nejsou součástí obchodního portfolia
C70: Přiřazení externího ratingu jednotlivých určených externích ratingových agentur nebo exportních úvěrových agentur stupňům úvěrové kvality stanoveným v části třetí hlavě II kapitole 2, přičemž tato informace nemusí být zpřístupněna, pokud instituce splňuje standardní způsob přiřazování zveřejněný orgánem EBA
C71: Hodnoty expozic a hodnoty expozic po snižování úvěrového rizika přiřazené jednotlivým stupňům úvěrové kvality předepsaným v části třetí hlavě II kapitole 2, jakož i ty, které byly odečteny od kapitálu
B72: Položky představující sekuritizované pozice | C72: Názvy určených externích ratingových agentur a exportních úvěrových agentur a důvody pro případné změny | E72: čl. 444 písm. a) - e)
C73: Kategorie expozic, pro které jsou jednotlivé externí ratingové agentury nebo exportní úvěrové agentury používány
C74: Popis postupu používaného k převodu úvěrových hodnocení emitenta a emise na položky, které nejsou součástí obchodního portfolia
C75: Přiřazení externího ratingu jednotlivých určených externích ratingových agentur nebo exportních úvěrových agentur stupňům úvěrové kvality stanoveným v části třetí hlavě II kapitole 2, přičemž tato informace nemusí být zpřístupněna, pokud instituce splňuje standardní způsob přiřazování zveřejněný orgánem EBA
C76: Hodnoty expozic a hodnoty expozic po snižování úvěrového rizika přiřazené jednotlivým stupňům úvěrové kvality předepsaným v části třetí hlavě II kapitole 2, jakož i ty, které byly odečteny od kapitálu.
B77: Expozice vůči institucím a podnikům s krátkodobým úvěrovým hodnocením | C77: Názvy určených externích ratingových agentur a exportních úvěrových agentur a důvody pro případné změny | E77: čl. 444 písm. a) - e)
C78: Kategorie expozic, pro které jsou jednotlivé externí ratingové agentury nebo exportní úvěrové agentury používány
C79: Popis postupu používaného k převodu úvěrových hodnocení emitenta a emise na položky, které nejsou součástí obchodního portfolia
C80: Přiřazení externího ratingu jednotlivých určených externích ratingových agentur nebo exportních úvěrových agentur stupňům úvěrové kvality stanoveným v části třetí hlavě II kapitole 2, přičemž tato informace nemusí být zpřístupněna, pokud instituce splňuje standardní způsob přiřazování zveřejněný orgánem EBA
C81: Hodnoty expozic a hodnoty expozic po snižování úvěrového rizika přiřazené jednotlivým stupňům úvěrové kvality předepsaným v části třetí hlavě II kapitole 2, jakož i ty, které byly odečteny od kapitálu.
B82: Expozice ve formě podílových jednotek nebo akcií v subjektech kolektivního investování | C82: Názvy určených externích ratingových agentur a exportních úvěrových agentur a důvody pro případné změny | E82: čl. 444 písm. a) - e)
C83: Kategorie expozic, pro které jsou jednotlivé externí ratingové agentury nebo exportní úvěrové agentury používány
C84: Popis postupu používaného k převodu úvěrových hodnocení emitenta a emise na položky, které nejsou součástí obchodního portfolia
C85: Přiřazení externího ratingu jednotlivých určených externích ratingových agentur nebo exportních úvěrových agentur stupňům úvěrové kvality stanoveným v části třetí hlavě II kapitole 2, přičemž tato informace nemusí být zpřístupněna, pokud instituce splňuje standardní způsob přiřazování zveřejněný orgánem EBA
C86: Hodnoty expozic a hodnoty expozic po snižování úvěrového rizika přiřazené jednotlivým stupňům úvěrové kvality předepsaným v části třetí hlavě II kapitole 2, jakož i ty, které byly odečteny od kapitálu.
B87: Akciové expozice | C87: Názvy určených externích ratingových agentur a exportních úvěrových agentur a důvody pro případné změny | E87: čl. 444 písm. a) - e)
C88: Kategorie expozic, pro které jsou jednotlivé externí ratingové agentury nebo exportní úvěrové agentury používány
C89: Popis postupu používaného k převodu úvěrových hodnocení emitenta a emise na položky, které nejsou součástí obchodního portfolia
C90: Přiřazení externího ratingu jednotlivých určených externích ratingových agentur nebo exportních úvěrových agentur stupňům úvěrové kvality stanoveným v části třetí hlavě II kapitole 2, přičemž tato informace nemusí být zpřístupněna, pokud instituce splňuje standardní způsob přiřazování zveřejněný orgánem EBA
C91: Hodnoty expozic a hodnoty expozic po snižování úvěrového rizika přiřazené jednotlivým stupňům úvěrové kvality předepsaným v části třetí hlavě II kapitole 2, jakož i ty, které byly odečteny od kapitálu
B92: Ostatní položky | C92: Názvy určených externích ratingových agentur a exportních úvěrových agentur a důvody pro případné změny | E92: čl. 444 písm. a) - e)
C93: Kategorie expozic, pro které jsou jednotlivé externí ratingové agentury nebo exportní úvěrové agentury používány
C94: Popis postupu používaného k převodu úvěrových hodnocení emitenta a emise na položky, které nejsou součástí obchodního portfolia
C95: Přiřazení externího ratingu jednotlivých určených externích ratingových agentur nebo exportních úvěrových agentur stupňům úvěrové kvality stanoveným v části třetí hlavě II kapitole 2, přičemž tato informace nemusí být zpřístupněna, pokud instituce splňuje standardní způsob přiřazování zveřejněný orgánem EBA
C96: Hodnoty expozic a hodnoty expozic po snižování úvěrového rizika přiřazené jednotlivým stupňům úvěrové kvality předepsaným v části třetí hlavě II kapitole 2, jakož i ty, které byly odečteny od kapitálu

Sheet Část 10
A1: Část 10
A2: Expozice vůči tržnímu riziku
A4: Expozice vůči tržnímu riziku | E4: nařízení č. 575/2013/EU
A6: =Obsah!A3 -> Informace platné k datu | C6: =Obsah!C3 -> (30/6/2015)
A7: Instituce, které počítají kapitálové požadavky podle čl. 92 odst. 3 písm. b) a c), zpřístupňují tyto požadavky odděleně pro jednotlivá rizika | B7: Požadavky na kapitál stanovené v souladu s částí třetí hlavou IV, případně částí čtvrtou, pro transakce zahrnuté do obchodního portfolia instituce | C7: Pro velké expozice přesahující limity stanovené v článcích 395 až 401, pokud je instituci povoleno tyto limity překročit | E7: čl. 445
C8: K pozičnímu riziku.
B9: Požadavky na kapitál stanovené v souladu s touto částí třetí hlavou IV, případně hlavou V, s výjimkou článku 379 | C9: K měnovému riziku
C10: K vypořádacímu riziku
C11: Ke komoditnímu riziku
A12: Kapitálový požadavek ke specifickému úrokovému riziku sekuritizovaných pozic

Sheet Část 11
A1: Část 11
A2: Operační riziko
A4: Operační riziko | D4: nařízení č. 575/2013/EU
A6: =Obsah!A3 -> Informace platné k datu | C6: =Obsah!C3 -> (30/6/2015)
A7: Přístupy používané danou institucí pro hodnocení kapitálových požadavků k operačnímu riziku | D7: čl. 446
D12: čl. 446
A19: Popis metodiky stanovené v čl. 312 odst. 2 CRR, pokud ji instituce používá | B19: Diskuse příslušných vnitřních a vnějších faktorů zohledněných v přístupu instituce k měření | C19: V případě dílčího používání rozsah a pokrytí jednotlivých metodik, které jsou používány | D19: čl. 446
D24: čl. 446

Sheet Část 12
A1: Část 12
A2: Akciové expozice nezahrnuté do obchodního portfolia
A4: Akciové expozice nezahrnuté do obchodního portfolia | D4: nařízení č. 575/2013/EU
A6: =Obsah!A3 -> Informace platné k datu | C6: =Obsah!C3 -> (30/6/2015)
A7: Rozlišení expozic na základě jejich cílů, včetně vztahu ke kapitálovým výnosům a strategických důvodů | D7: čl. 447 písm. a)
A28: Přehled použitých účetních technik a metod oceňování, včetně hlavních předpokladů a postupů ovlivňujících oceňování a jakýchkoliv významných změn v těchto postupech | D28: čl. 447 písm. a)
A44: Účetní hodnota | B44: Reálná hodnota | C44: Rozdíl mezi tržní a reálnou hodnotou akcií obchodovaných na regulovaných trzích, pokud se tržní hodnota podstatně liší od reálné hodnoty | D44: čl. 447 písm. b)
A60: Druh a povaha expozic | D60: čl. 447 písm. c)
D66: čl. 447 písm. c)
A76: Objemy expozic obchodovaných na regulovaných trzích | D76: čl. 447 písm. c)
A77: Akciové expozice neobchodované na regulovaných trzích v dostatečně diverzifikovaných portfoliích
A78: Jiné expozice
A79: Kumulativní výše realizovaných zisků nebo ztrát z prodeje a likvidace v daném období | D79: čl. 447 písm. d), e)
A80: Celková výše nerealizovaných zisků nebo ztrát
A81: Celková výše oceňovacích rozdílů

Sheet Část 13
A1: Část 13
A2: Expozice vůči úrokovému riziku u pozic nezahrnutých do obchodního portfolia
A4: Informace o expozici vůči úrokovému riziku u pozic nezahrnutých do obchodního portfolia | G4: nařízení č. 575/2013/EU
A6: =Obsah!A3 -> Informace platné k datu | F6: =Obsah!C3 -> (30/6/2015)
A7: Povaha úrokového rizika | D7: Hlavní předpoklady (včetně předpokladů ohledně předčasného splacení úvěrů a vývoj vkladů splatných na požádání) | F7: Četnost měření úrokového rizika | G7: čl. 448 písm. a)
G13: čl. 448 písm. a)
A23: Expozice vůči úrokovému riziku u pozic nezahrnutých do obchodního portfolia | B23: Kolísání zisků jako měřítko používané vedením k měření prudkých výkyvů úrokových sazeb směrem nahoru a dolů v souladu s metodou používanou vedením pro měření úrokového rizika, v členění podle měn | C23: Expozice vůči úrokovému riziku u pozic nezahrnutých do obchodního portfolia | D23: Ekonomická hodnota jako měřítko používané vedením k měření prudkých výkyvů úrokových sazeb směrem nahoru a dolů v souladu s metodou používanou vedením pro měření úrokového rizika, v členění podle měn | E23: Expozice vůči úrokovému riziku u pozic nezahrnutých do obchodního portfolia | F23: Jiné relevantní měřítko používané vedením k měření prudkých výkyvů úrokových sazeb směrem nahoru a dolů v souladu s metodou používanou vedením pro měření úrokového rizika, v členění podle měn | G23: čl. 448 písm. b)
B24: CHF | D24: CHF | F24: CHF
B25: EUR | D25: EUR | F25: EUR
B26: GBP | D26: GBP | F26: GBP
B27: USD | D27: USD | F27: USD
B28: Jiná | D28: Jiná | F28: Jiná
B29: Jiná | D29: Jiná | F29: Jiná | G29: čl. 448 písm. b)
B30: Jiná | D30: Jiná | F30: Jiná
B31: Jiná | D31: Jiná | F31: Jiná
B32: Jiná | D32: Jiná | F32: Jiná
B33: Jiná | D33: Jiná | F33: Jiná
B34: Jiná | D34: Jiná | F34: Jiná
B35: Jiná | D35: Jiná | F35: Jiná
B36: Jiná | D36: Jiná | F36: Jiná
B37: Jiná | D37: Jiná | F37: Jiná

Sheet Část 14
A1: Část 14
A2: Expozice vůči sekuritizovaným pozicím I
A4: Instituce, které počítají objem rizikově vážených expozic podle části třetí hlavy II kapitoly 5 nebo kapitálové požadavky podle článku 337 nebo 338, zpřístupňují tyto informace, v případě potřeby odděleně pro obchodní a investiční portfolio | G4: nařízení č. 575/2013/EU
A6: =Obsah!A3 -> Informace platné k datu | F6: =Obsah!C3 -> (30/6/2015)
A7: Popis cílů instituce v souvislosti se sekuritizací | G7: čl. 449 písm. a)
A13: Povaha ostatních rizik včetně rizika likvidity spojeného se sekuritizovanými aktivy | G13: čl. 449 písm. b)
A19: Druh rizik z hlediska nadřízenosti podkladových sekuritizovaných pozic | E19: Druh rizik z hlediska z hlediska podkladových aktiv těchto sekuritizovaných pozic převzatých a držených v resekuritizaci | G19: čl. 449 písm. c)
G25: čl. 449 písm. c)
A35: Jednotlivé role, které instituce hraje v procesu sekuritizace | E35: Přibližný rozsah působení instituce v jednotlivých rolích | G35: čl. 449 písm. (d), (e)
A41: Popis postupů pro sledování změn úvěrového a tržního rizika sekuritizovaných expozic včetně toho, jaké dopady na sekuritizované expozice má vývoj podkladových aktiv, a popis, jak se tyto postupy liší pro resekuritizované expozice | G41: čl. 449 písm. f)
G47: čl. 449 písm. f)
A52: Popis politiky instituce upravující používání zajištění a osobní zajištění ke snižování rizik držených sekuritizovaných a resekuritizovaných expozic | E52: Identifikace protistran, které jsou zdrojem podstatného zajištění podle druhu rizikové expozice | G52: čl. 449 písm. g)
E53: Protistrana | F53: Druh rizikové expozice
G59: čl. 449 písm. g)
A74: Přístupy k výpočtu objemu rizikově vážených expozic, které instituce používá v souvislosti se sekuritizací | E74: Které přístupy instituce používá v souvislosti se sekuritizací | F74: Pro jaký druh sekuritizované expozice | G74: čl. 449 písm. h)
G80: čl. 449 písm. h)
A90: Druhy sekuritizačních jednotek pro speciální účel, které instituce v roli sponzora používá k sekuritizaci expozic vůči třetím stranám | B90: Rozvahové expozice | D90: Podrozvahové expozice | F90: Seznam subjektů, které instituce řídí nebo jimž poskytuje poradenství a které investují buď do sekuritizovaných pozic, jež instituce sekuritizovala, nebo do sekuritizačních jednotek pro speciální účel, jež instituce sponzoruje | G90: čl. 449 písm. i)
B91: V jaké formě má instituce expozice vůči těmto sekuritizačním jednotkám pro speciální účel | C91: V jakém rozsahu má instituce expozice vůči těmto sekuritizačním jednotkám pro speciální účel | D91: V jaké formě má instituce expozice vůči těmto sekuritizačním jednotkám pro speciální účel | E91: V jakém rozsahu má instituce expozice vůči těmto sekuritizačním jednotkám pro speciální účel
G97: čl. 449 písm. i)
A122: Názvy externích ratingových agentur použitých pro sekuritizace | C122: Druhy expozic v členění podle jednotlivých použitých agentur | G122: čl. 449 písm. k)
C123: Druh expozic | E123: Použitá agentura
G129: čl. 449 písm. k)
A139: Popis metody interního hodnocení podle části třetí hlavy II kapitoly 5 oddílu 3 včetně struktury procesu interního hodnocení a vztahu mezi interním hodnocením a externím hodnocením, použití interního hodnocení pro jiné účely než pro stanovení kapitálového požadavku metodou interního hodnocení, kontrolních mechanismů pro proces interního hodnocení včetně diskuse nezávislosti, odpovědnosti a přezkumu procesu interního hodnocení, informace o druzích expozic, pro které se proces interního hodnocení použije, a o zátěžových faktorech použitých k určení úrovní úvěrového posílení podle druhu expozice | G139: čl. 449 písm. l)
G151: čl. 449 písm. l)
A161: Vysvětlení významných kvantitativních změn v informacích zpřístupněných podle písmen n) až q) od posledního vykazovaného období | G161: čl. 449 písm. m)
G172: čl. 449 písm. m)

Sheet Část 14a
A1: Část 14a
A2: Expozice vůči sekuritizovaným pozicím II
A4: Expozice vůči sekuritizovaným pozicím | G4: nařízení č. 575/2013/EU
A6: =Obsah!A3 -> Informace platné k datu | F6: =Obsah!C3 -> (30/6/2015)
A7: Shrnutí účetních metod instituce použitých pro sekuritizaci | G7: čl. 449 písm. j)
A13: Informace zda jsou transakce vykázány jako prodej nebo financování | G13: čl. 449 písm. (j) (i)
A19: Informace o uznání zisků z prodeje | G19: čl. 449 písm. j) (ii)
A25: Informace při ocenění sekuritizovaných pozic a příslušných změnách oproti předchozímu období o | G25: čl. 449 písm. j) (iii)
A26: Metodách ocenění | C26: Hlavních předpokladech | E26: Vstupech při ocenění sekuritizovaných pozic
G32: čl. 449 písm. j) (iii)
A42: Informace o zacházení se syntetickými sekuritizacemi, pokud se jím již nezabývají jiné účetní metody | G42: čl. 449 písm. j) (iv)
G48: čl. 449 písm. j) (iv)
A53: Informace o způsobech ocenění aktiv čekajících na sekuritizaci a o tom, zda jsou evidované | G53: čl. 449 písm. j) (v)
A54: V investičním portfoliu instituce | D54: V obchodním portfoliu instituce
A55: Aktivum | B55: Způsob ocenění | D55: Aktivum | E55: Způsob ocenění
G61: čl. 449 písm. j) (v)
A77: Informace o zásadách pro uznávání rozvahových závazků za ujednání, která by od instituce mohla vyžadovat poskytnutí finanční podpory pro sekuritizovaná aktiva | G77: čl. 449 písm. j) (vi)
G83: CRR 449 (j) (vi)

Sheet Část 14b
A1: Část 14b
A2: Expozice vůči sekuritizovaným pozicím III
A4: Expozice vůči sekuritizovaným pozicím | G4: nařízení č. 575/2013/EU
A6: =Obsah!A3 -> Informace platné k datu | E6: =Obsah!C3 -> (30/6/2015)
A7: Odděleně pro obchodní a investiční portfolio tyto informace, a to v členění podle druhu expozice | C7: Obchodní portflio | D7: Celkový objem nesplacených expozic sekuritizovaných institucí | E7: Tradiční sekuritizace | G7: čl. 449 písm. n)
E8: Syntetické sekuritizace
E9: V nichž je instituce pouze sponzorem
D10: Souhrnný objem ponechaných nebo nakoupených rozvahových sekuritizovaných pozic a podrozvahových sekuritizovaných expozic
D11: Souhrnný objem aktiv čekajících na sekuritizaci
D12: U sekuritizovaných facilit podléhajících předčasnému umoření souhrnný objem čerpaných expozic připadajících na podíl původce
D13: U sekuritizovaných facilit podléhajících předčasnému umoření souhrnný objem čerpaných investic připadajících na podíly investorů
D14: Souhrnné kapitálové požadavky vzniklé instituci vůči podílu původce
D15: Objem sekuritizovaných pozic, které byly odečteny od kapitálu nebo jimž byla přidělena riziková váha 1 250 %
D16: Shrnutí o sekuritizaci v běžném období včetně objemu sekuritizovaných expozic a uznaného zisku nebo ztráty z prodeje
D17: Souhrnné kapitálové požadavky vzniklé instituci vůči podílům investora na čerpaných zůstatcích a na nečerpaných úvěrových linkách
C18: Investiční portflio | D18: Celkový objem nesplacených expozic sekuritizovaných institucí | E18: Tradiční sekuritizace
E19: Syntetické sekuritizace
E20: V nichž je instituce pouze sponzorem
D21: Souhrnný objem ponechaných nebo nakoupených rozvahových sekuritizovaných pozic a podrozvahových sekuritizovaných expozic
D22: Souhrnný objem aktiv čekajících na sekuritizaci
D23: U sekuritizovaných facilit podléhajících předčasnému umoření souhrnný objem čerpaných expozic připadajících na podíl původce
D24: Usekuritizovaných facilit podléhajících předčasnému umoření souhrnný objem čerpaných investic připadajících na podíly investorů
D25: Souhrnné kapitálové požadavky vzniklé instituci vůči podílu původce
D26: Objem sekuritizovaných pozic, které byly odečteny od kapitálu nebo jimž byla přidělena riziková váha 1 250 %
D27: Shrnutí o sekuritizaci v běžném období včetně objemu sekuritizovaných expozic a uznaného zisku nebo ztráty z prodeje
D28: Souhrnné kapitálové požadavky vzniklé instituci vůči podílům investora na čerpaných zůstatcích a na nečerpaných úvěrových linkách
A29: Odděleně pro obchodní a investiční portfolio tyto informace, a to v členění podle druhu expozice | C29: Obchodní portflio | D29: Celkový objem nesplacených expozic sekuritizovaných institucí | E29: Tradiční sekuritizace | G29: čl. 449 písm. n)
E30: Syntetické sekuritizace
E31: V nichž je instituce pouze sponzorem
D32: Souhrnný objem ponechaných nebo nakoupených rozvahových sekuritizovaných pozic a podrozvahových sekuritizovaných expozic
D33: Souhrnný objem aktiv čekajících na sekuritizaci
D34: U sekuritizovaných facilit podléhajících předčasnému umoření souhrnný objem čerpaných expozic připadajících na podíl původce
D35: U sekuritizovaných facilit podléhajících předčasnému umoření souhrnný objem čerpaných investic připadajících na podíly investorů
D36: Souhrnné kapitálové požadavky vzniklé instituci vůči podílu původce
D37: Objem sekuritizovaných pozic, které byly odečteny od kapitálu nebo jimž byla přidělena riziková váha 1 250 %
D38: Shrnutí o sekuritizaci v běžném období včetně objemu sekuritizovaných expozic a uznaného zisku nebo ztráty z prodeje
D39: Souhrnné kapitálové požadavky vzniklé instituci vůči podílům investora na čerpaných zůstatcích a na nečerpaných úvěrových linkách
C40: Investiční portflio | D40: Celkový objem nesplacených expozic sekuritizovaných institucí | E40: Tradiční sekuritizace
E41: Syntetické sekuritizace
E42: V nichž je instituce pouze sponzorem
D43: Souhrnný objem ponechaných nebo nakoupených rozvahových sekuritizovaných pozic a podrozvahových sekuritizovaných expozic
D44: Souhrnný objem aktiv čekajících na sekuritizaci
D45: U sekuritizovaných facilit podléhajících předčasnému umoření souhrnný objem čerpaných expozic připadajících na podíl původce
D46: Usekuritizovaných facilit podléhajících předčasnému umoření souhrnný objem čerpaných investic připadajících na podíly investorů
D47: Souhrnné kapitálové požadavky vzniklé instituci vůči podílu původce
D48: Objem sekuritizovaných pozic, které byly odečteny od kapitálu nebo jimž byla přidělena riziková váha 1 250 %
D49: Shrnutí o sekuritizaci v běžném období včetně objemu sekuritizovaných expozic a uznaného zisku nebo ztráty z prodeje
D50: Souhrnné kapitálové požadavky vzniklé instituci vůči podílům investora na čerpaných zůstatcích a na nečerpaných úvěrových linkách
A51: Odděleně pro obchodní a investiční portfolio tyto informace, a to v členění podle druhu expozice | C51: Obchodní portflio | D51: Celkový objem nesplacených expozic sekuritizovaných institucí | E51: Tradiční sekuritizace | G51: čl. 449 písm. n)
E52: Syntetické sekuritizace
E53: V nichž je instituce pouze sponzorem
D54: Souhrnný objem ponechaných nebo nakoupených rozvahových sekuritizovaných pozic a podrozvahových sekuritizovaných expozic
D55: Souhrnný objem aktiv čekajících na sekuritizaci
D56: U sekuritizovaných facilit podléhajících předčasnému umoření souhrnný objem čerpaných expozic připadajících na podíl původce
D57: U sekuritizovaných facilit podléhajících předčasnému umoření souhrnný objem čerpaných investic připadajících na podíly investorů
D58: Souhrnné kapitálové požadavky vzniklé instituci vůči podílu původce
D59: Objem sekuritizovaných pozic, které byly odečteny od kapitálu nebo jimž byla přidělena riziková váha 1 250 %
D60: Shrnutí o sekuritizaci v běžném období včetně objemu sekuritizovaných expozic a uznaného zisku nebo ztráty z prodeje
D61: Souhrnné kapitálové požadavky vzniklé instituci vůči podílům investora na čerpaných zůstatcích a na nečerpaných úvěrových linkách
C62: Investiční portflio | D62: Celkový objem nesplacených expozic sekuritizovaných institucí | E62: Tradiční sekuritizace
E63: Syntetické sekuritizace
E64: V nichž je instituce pouze sponzorem
D65: Souhrnný objem ponechaných nebo nakoupených rozvahových sekuritizovaných pozic a podrozvahových sekuritizovaných expozic
D66: Souhrnný objem aktiv čekajících na sekuritizaci
D67: U sekuritizovaných facilit podléhajících předčasnému umoření souhrnný objem čerpaných expozic připadajících na podíl původce
D68: Usekuritizovaných facilit podléhajících předčasnému umoření souhrnný objem čerpaných investic připadajících na podíly investorů
D69: Souhrnné kapitálové požadavky vzniklé instituci vůči podílu původce
D70: Objem sekuritizovaných pozic, které byly odečteny od kapitálu nebo jimž byla přidělena riziková váha 1 250 %
D71: Shrnutí o sekuritizaci v běžném období včetně objemu sekuritizovaných expozic a uznaného zisku nebo ztráty z prodeje
D72: Souhrnné kapitálové požadavky vzniklé instituci vůči podílům investora na čerpaných zůstatcích a na nečerpaných úvěrových linkách
A73: Odděleně pro obchodní a investiční portfolio tyto informace, a to v členění podle druhu expozice | C73: Obchodní portflio | D73: Celkový objem nesplacených expozic sekuritizovaných institucí | E73: Tradiční sekuritizace | G73: čl. 449 písm. n)
E74: Syntetické sekuritizace
E75: V nichž je instituce pouze sponzorem
D76: Souhrnný objem ponechaných nebo nakoupených rozvahových sekuritizovaných pozic a podrozvahových sekuritizovaných expozic
D77: Souhrnný objem aktiv čekajících na sekuritizaci
D78: U sekuritizovaných facilit podléhajících předčasnému umoření souhrnný objem čerpaných expozic připadajících na podíl původce
D79: U sekuritizovaných facilit podléhajících předčasnému umoření souhrnný objem čerpaných investic připadajících na podíly investorů
D80: Souhrnné kapitálové požadavky vzniklé instituci vůči podílu původce
D81: Objem sekuritizovaných pozic, které byly odečteny od kapitálu nebo jimž byla přidělena riziková váha 1 250 %
D82: Shrnutí o sekuritizaci v běžném období včetně objemu sekuritizovaných expozic a uznaného zisku nebo ztráty z prodeje
D83: Souhrnné kapitálové požadavky vzniklé instituci vůči podílům investora na čerpaných zůstatcích a na nečerpaných úvěrových linkách
C84: Investiční portflio | D84: Celkový objem nesplacených expozic sekuritizovaných institucí | E84: Tradiční sekuritizace
E85: Syntetické sekuritizace
E86: V nichž je instituce pouze sponzorem
D87: Souhrnný objem ponechaných nebo nakoupených rozvahových sekuritizovaných pozic a podrozvahových sekuritizovaných expozic
D88: Souhrnný objem aktiv čekajících na sekuritizaci
D89: U sekuritizovaných facilit podléhajících předčasnému umoření souhrnný objem čerpaných expozic připadajících na podíl původce
D90: Usekuritizovaných facilit podléhajících předčasnému umoření souhrnný objem čerpaných investic připadajících na podíly investorů
D91: Souhrnné kapitálové požadavky vzniklé instituci vůči podílu původce
D92: Objem sekuritizovaných pozic, které byly odečteny od kapitálu nebo jimž byla přidělena riziková váha 1 250 %
D93: Shrnutí o sekuritizaci v běžném období včetně objemu sekuritizovaných expozic a uznaného zisku nebo ztráty z prodeje
D94: Souhrnné kapitálové požadavky vzniklé instituci vůči podílům investora na čerpaných zůstatcích a na nečerpaných úvěrových linkách
A95: Odděleně pro obchodní a investiční portfolio tyto informace, a to v členění podle druhu expozice | C95: Obchodní portflio | D95: Celkový objem nesplacených expozic sekuritizovaných institucí | E95: Tradiční sekuritizace | G95: čl. 449 písm. n)
E96: Syntetické sekuritizace
E97: V nichž je instituce pouze sponzorem
D98: Souhrnný objem ponechaných nebo nakoupených rozvahových sekuritizovaných pozic a podrozvahových sekuritizovaných expozic
D99: Souhrnný objem aktiv čekajících na sekuritizaci
D100: U sekuritizovaných facilit podléhajících předčasnému umoření souhrnný objem čerpaných expozic připadajících na podíl původce
D101: U sekuritizovaných facilit podléhajících předčasnému umoření souhrnný objem čerpaných investic připadajících na podíly investorů
D102: Souhrnné kapitálové požadavky vzniklé instituci vůči podílu původce
...

Sheet Část 14c
A1: Část 14c
A2: Expozice vůči sekuritizovaným pozicím IV
A4: Instituce, které počítají objem rizikově vážených expozic podle části třetí hlavy II kapitoly 5 nebo kapitálové požadavky podle článku 337 nebo 338, zpřístupňují tyto informace, v případě potřeby odděleně pro obchodní a investiční portfolio | I4: nařízení č. 575/2013/EU
A6: =Obsah!A3 -> Informace platné k datu | E6: =Obsah!C3 -> (30/6/2015)
A7: Obchodní portfolio informace | I7: čl. 449 písm. o) (i)
A8: Souhrnný objem ponechaných nebo nakoupených sekuritizovaných pozic, a s nimi spojených kapitálových požadavků
A9: Sekuritizované expozice | E9: Resekuritizované expozice
A10: Podle rizikových vah nebo kapitálových požadavků | B10: Expozice | C10: Jaký přístup pro jaký kapitálový požadavek byl použit | D10: Expozice | E10: Podle rizikových vah nebo kapitálových požadavků | F10: Expozice | G10: Jaký přístup pro jaký kapitálový požadavek byl použit | H10: Kapitálový požadavek
I16: čl. 449 písm. o) (i)
A26: Investiční portfolio informace | I26: čl. 449 písm. o) (i)
A27: Souhrnný objem ponechaných nebo nakoupených sekuritizovaných pozic, a s nimi spojených kapitálových požadavků
A28: Sekuritizované expozice | E28: Resekuritizované expozice
A29: Podle rizikových vah nebo kapitálových požadavků | B29: Expozice | C29: Jaký přístup pro jaký kapitálový požadavek byl použit | D29: Expozice | E29: Podle rizikových vah nebo kapitálových požadavků | F29: Expozice | G29: Jaký přístup pro jaký kapitálový požadavek byl použit | H29: Kapitálový požadavek
I35: čl. 449 písm. o) (i)
A45: Souhrnný objem ponechaných nebo nakoupených resekuritizovaných expozic v obchodním portfoliu | E45: Souhrnný objem ponechaných nebo nakoupených resekuritizovaných expozic v investičním portfoliu | I45: čl. 449 písm. o) (ii)
A46: Expozice před zajištěním/pojištěním | B46: Expozice po zajištění/pojištěn | C46: Expozice vůči finančním ručitelům podle kategorií úvěruschopnosti ručitele nebo jména ručitele | E46: Expozice před zajištěním/pojištěním | F46: Expozice po zajištění/pojištěn | G46: Expozice vůči finančním ručitelům podle kategorií úvěruschopnosti ručitele nebo jména ručitele
C47: Kategorie úvěruschopnosti ručitele nebo jméno ručitele | D47: Expozice | G47: Kategorie úvěruschopnosti ručitele nebo jméno ručitele | H47: Expozice
I53: čl. 449 písm. o) (ii)
A68: Investiční portfolio informace | E68: Obchodní portfolio informace | I68: čl. 449 písm. p), q)
A69: Objem aktiv se sníženou hodnotou | B69: Expozice po splatnosti sekuritizovaných institucí | C69: Ztráty uznané institucí v běžném období | D69: Druh expozice | E69: Celkový objem nesplacených expozic sekuritizovaných institucí a podléhajících kapitálovému požadavku k tržnímu riziku v členění na expozice
E70: Tradiční/syntetické sekuritizace | G70: Druh expozice
I76: čl. 449 písm. p), q)
A91: Informace, zda instituce poskytla podporu ve smyslu čl. 248 odst. 1 a dopad na kapitál | I91: čl. 449 písm. r)
I97: čl. 449 písm. r)

Sheet Část 7a
A1: Část 7a
A2: Úpravy o úvěrové riziko II
A3: Tuto část uveřejňují i významné dceřinné podniky na základě čl. 13 druhého pododst. nařízení č. 575/2013/EU
A4: Instituce zpřístupňují níže uvedené informace týkající se expozice instituce úvěrovému riziku a riziku rozmělnění, Specifické úpravy o úvěrové riziko a zpětně získané částky uvedené přímo ve výsledovce se musí zpřístupňovat odděleně.
A6: =[1]Obsah!A3 -> Informace platné k datu
A7: nařízení (EU) č. 575/2013 | B7: čl. 442 písm. g) | F7: CRD 442 písm. g) | J7: CRD 442 písm. g)
B8: Významné odvětví nebo druh protistrany | F8: Významné odvětví nebo druh protistrany | J8: Významné odvětví nebo druh protistrany
A9: Uvedení odvětví/druh protistrany | B9: Ústřední vlády nebo centrální banky | C9: Instituce | D9: Podniky | E9: Retail - zajištěný nemovitostmi non-SME | F9: Retail - ostatní
A10: Výše expozic se sníženou hodnotou
A11: Výše expozic po splatnosti
A12: Výše specifických úprav o úvěrové riziko
A13: Obecné úpravy o úvěrové riziko
A14: Výše nákladů na specifické úpravy o úvěrové riziko během vykazovaného období
A15: Výše nákladů na obecné úpravy o úvěrové riziko během vykazovaného období
A16: nařízení (EU) č. 575/2013 | B16: čl. 442 písm. h) | F16: CRD 442 písm. h) | J16: CRD 442 písm. h)
B17: Objem expozic se sníženou hodnotou v členění podle významné zeměpisné oblasti | F17: Objem expozic se sníženou hodnotou v členění podle významné zeměpisné oblasti | J17: Objem expozic se sníženou hodnotou v členění podle významné zeměpisné oblasti
A18: Uvedení významné zeměpisné oblasti | B18: CZ | C18: Ostatní
A19: Objem expozic se sníženou hodnotou
A20: Objem expozic po splatnosti
A21: Je-li to vhodné, výše specifických úprav o úvěrové riziko spojené se zeměpisnou oblastí
A22: Je-li to vhodné, výše obecných úprav o úvěrové riziko spojené se zeměpisnou oblastí
A23: nařízení (EU) č. 575/2013 | B23: čl. 442 písm. i) | F23: čl. 442 písm. i) | J23: čl. 442 písm. i)
B24: Sesouhlasení změn ve specifických a obecných úpravách o úvěrové riziko u expozic se sníženou hodnotou, uvedené odděleně. | F24: Sesouhlasení změn ve specifických a obecných úpravách o úvěrové riziko u expozic se sníženou hodnotou, uvedené odděleně. | J24: Sesouhlasení změn ve specifických a obecných úpravách o úvěrové riziko u expozic se sníženou hodnotou, uvedené odděleně.
B25: Sesouhlasení změn ve specifických úpravách | D25: Sesouhlasení změn v obecných úpravách | F25: Sesouhlasení změn ve specifických úpravách | H25: Sesouhlasení změn v obecných úpravách | J25: Sesouhlasení změn ve specifických úpravách | L25: Sesouhlasení změn v obecných úpravách
A26: Popis druhu specifických/obecných úprav o úvěrové riziko
A27: Počáteční zůstatky
A28: Výše úprav v průběhu vykazovaného období
A29: Objemy vyčleněné nebo rezervované na odhadované pravděpodobné ztráty z expozic během vykazovaného období, jakékoliv jiné úpravy včetně úprav v důsledku kursových rozdílů, podnikové kombinace, převzetí a zcizení dceřiných podniků a převody mezi úpravami o úvěrové riziko
A30: Konečné zůstatky

Sheet Část 15
A1: Část 15
A2: Zásady odměňování I
A3: Tuto část uveřejňují i významné dceřinné podniky na základě čl. 13 druhého pododst. nařízení č. 575/2013/EU
A4: Zásady odměňování | F4: nařízení č. 575/2013/EU
A6: =Obsah!A3 -> Informace platné k datu
A7: Informace o rozhodovacím procesu použitém pro stanovení zásad odměňování | F7: čl. 450 písm. a)
F13: čl. 450 písm. a)
A28: Počet zasedání hlavního orgánu instituce, jenž na odměňování dohlíží během příslušného účetního období | F28: čl. 450 písm. a)
A29: Informací o složení a mandátu výboru pro odměňování, pokud je zřízen | F29: čl. 450 písm. a)
F35: čl. 450 písm. a)
A50: Informace o externím poradci, jehož služby byly využity při stanovování zásad odměňování | F50: čl. 450 písm. a)
F56: čl. 450 písm. a)
A71: Informace o úloze příslušných zainteresovaných subjektů | F71: čl. 450 písm. a)
F77: čl. 450 písm. a)
A92: Informace o vazbě mezi odměnou a výkonností | F92: čl. 450 písm. b)
F98: čl. 450 písm. b)
A113: Nejdůležitější charakteristiky systému odměňování, včetně informací o kritériích používaných k měření výkonnosti, o úpravách o riziko, zásadách pro oddálení nároku na pohyblivou složku odměny a kritériích pro jejich přiznání | F113: čl. 450 písm. c)
A134: Poměry mezi stálou a pohyblivou složkou odměny stanovené podle čl. 94 odst. 1 písm. g) směrnice 2013/36/EU | F134: čl. 450 písm. d)
A135: Informace o výkonnostních kritériích, na nichž je založeno přiznání nároku na akcie, opce nebo pohyblivé složky odměny | F135: čl. 450 písm. e)
F141: čl. 450 písm. e)
A151: Hlavní parametry a zdůvodnění všech systémů pohyblivých složek odměny a dalších nepeněžních výhod | F151: čl. 450 písm. f)
F155: čl. 450 písm. f)

Sheet Část 15a
A1: Část 15a
A2: Zásady odměňování II
A3: Tuto část uveřejňují i významné dceřinné podniky na základě čl. 13 druhého pododst. nařízení (EU) č. 575/2013
A4: Zásady odměňování | D4: nařízení č. 575/2013/EU
A6: =Obsah!A3 -> Informace platné k datu
A7: Souhrnné kvantitativní informace o odměnách v členění na vrcholné vedení a na pracovníky, jejichž činnost má podstatný dopad na rizikový profil instituce | D7: čl. 450 odst. 1 písm. h)
B8: Vrcholné vedení | C8: Pracovníci, jejichž činnost má podstatný dopad na rizikový profil instituce
A9: Počet přijemců
A10: Pevné složky odměn celkem
A11: Pohyblivé složky odměn celkem
A12: Pohyblivé složky odměn v hotovosti celkem
A13: Pohyblivé složky odměn ve formě akcií a nástrojů spojených s akciemi - celkem
A14: Pohyblivé složky odměn u ostatních typů nástrojů - celkem
A15: Celková výše pohyblivých složek odměn s odloženou splatností v daném účetním období
A16: Pohyblivé složky odměn v hotovosti s odloženou splatností - celkem
A17: Pohyblivé složky odměn ve formě akcií a nástrojů navázaných na akcie s odloženou splatností - celkem
A18: Pohyblivé složka odměn u ostatních typů nástrojů s odloženou splatností - celkem
A19: Celková výše dosud nevyplacených oddálených odměn
A20: Již přiznané nároky na oddálené odměny
... A28: Nejvyšší částka odstupného přiznaná jediné osobě
A29: Instituce, které jsou významné z hlediska své velikosti, vnitřní organizace a povahy, rozsahu a složitosti svých činností, zpřístupní kvantitativní informace uvedené v tomto článku rovněž na úrovni členů vedoucího orgánu instituce. | D29: čl. 450 odst. 2
A30: … | B30: … | C30: …

Sheet Část 15b
A1: Část 15b
A2: Zásady odměňování III
A3: Tuto část uveřejňují i významné dceřinné podniky na základě čl. 13 druhého pododst. nařízení č. 575/2013/EU
A4: Zásady odměňování
A6: =Obsah!A3 -> Informace platné k datu
A7: nařízení č. 575/2013/EU čl. 450 odst. 1 písm. g)
A8: Souhrnné kvantitativní informace o odměnách v členění podle oblasti podnikání
B9: Investiční bankovnictví | C9: Retailové bankovnictví | D9: Korporátní bankovnictví | E9: Obhospodařování aktiv | F9: … | G9: … | H9: Ostatní
A10: Počet přijemců
A11: Pevné složky odměn celkem
A12: Pohyblivé složky odměn celkem
A13: Pohyblivé složky odměn v hotovosti celkem
A14: Pohyblivé složky odměn ve formě akcií a nástrojů spojených s akciemi - celkem
A15: Pohyblivé složky odměn u ostatních typů nástrojů - celkem
A16: Celková výše pohyblivých složek odměn s odloženou splatností v daném účetním období
A17: Pohyblivé složky odměn v hotovosti s odloženou splatností - celkem
A18: Pohyblivé složky odměn ve formě akcií a nástrojů navázaných na akcie s odloženou splatností - celkem
A19: Pohyblivé složka odměn u ostatních typů nástrojů s odloženou splatností - celkem
A20: Celková výše dosud nevyplacených oddálených odměn
A21: Již přiznané nároky na oddálené odměny
... A29: Nejvyšší částka odstupného přiznaná jediné osobě

Sheet Část 16
A1: Část 16
A2: Páka
A3: Draft of Implementing Technical Standards (ITS) on disclosure for leverage ratio - pokryje celý článek 451.
A4: Tuto část uveřejňují i významné dceřinné podniky na základě čl. 13 druhého pododst. nařízení (EU) č. 575/2013
A5: Instituce zpřístupňují níže uvedené informace týkající se jejich pákového poměru vypočteného podle článku 429 a jejich řízení rizika nadměrné páky | D5: nařízení č. 575/2013/EU
A7: =Obsah!A3 -> Informace platné k datu
A8: Pákový poměr | D8: čl. 451 písm. a)
A9: Uvedení způsobu, jak instituce uplatňuje čl. 499 odst. 2 a 3;
D15: čl. 451 písm. a)
A25: Rozčlenění celkové míry expozice a sesouhlasení celkové míry expozice s důležitými informacemi zpřístupněnými ve zveřejněné účetní závěrce | D25: čl. 451 písm. b)
D31: čl. 451 písm. b)
A43: Objem odúčtovaných položek ve svěřenecké správě podle čl. 429 odst. 11 | D43: čl. 451 písm. c)
D49: čl. 451 písm. c)
A60: Popis postupů použitých k řízení rizika nadměrné páky | D60: čl. 451 písm. d)
D66: čl. 451 písm. d)
A76: Popis faktorů, které měly vliv na pákový poměr během období, kterého se zpřístupněný pákový poměr týká | D76: čl. 451 písm. e)
D82: čl. 451 písm. e)

Sheet Část 17
A1: Část 17
A2: Použití přístupu IRB k úvěrovému riziku
A4: Instituce, které počítají objem rizikově vážených expozic použitím přístupu IRB, zpřístupňují tyto informace | F4: nařízení č. 575/2013/EU
A6: =Obsah!A3 -> Informace platné k datu | C6: =Obsah!C3 -> (30/6/2015)
A7: Svolení přístupu nebo schváleného přechodu příslušným orgánem | F7: čl. 452 písm. a)
F9: čl. 452 písm. a)
A19: Vysvětlení a přezkum struktury systémů interních ratingů a vztahu mezi interním a externím ratingem | F19: čl. 452 písm. b) (i)
F21: čl. 452 písm. b) (i)
A31: Vysvětlení a přezkum použití interních odhadů pro jiné účely, než je výpočet objemu rizikově vážených expozic podle části třetí hlavy II kapitoly 3 | F31: čl. 452 písm. b) (ii)
F33: čl. 452 písm. b) (ii)
A43: Vysvětlení a přezkum postupu řízení a uznávání technik snižování úvěrového rizika | F43: čl. 452 písm. b) (iii)
F45: čl. 452 písm. b) (iii)
A55: Vysvětlení a přezkum kontrolních mechanismů pro systémy hodnocení včetně popisu jejich nezávislosti a odpovědnosti a přezkumu systémů hodnocení | F55: čl. 452 písm. b) (iv)
F57: čl. 452 písm. b) (iv)
A67: Popis procesu interních ratingů, a to odděleně pro tyto kategorie expozic (pro účely tohoto písmene musí popis obsahovat druhy expozic zahrnutých do dané kategorie expozic, definice, metody a údaje pro odhad a validaci hodnot PD, a případně hodnot LGD a konverzních faktorů, včetně předpokladů použitých při odvozování těchto proměnných, a popisy podstatných odchylek od definice selhání uvedené v článku 178, včetně širokých segmentů ovlivněných těmito odchylkami): | F67: čl. 452 písm. c)
A68: Vůči ústředním vládám a centrálním bankám | F68: čl. 452 písm. c) (i)
F75: čl. 451 písm. c) (i)
A84: Vůči institucím | F84: čl. 452 písm. c) (ii)
F91: čl. 452 písm. c) (ii)
A100: Podnikové, včetně vůči malým a středním podnikům, specializované úvěrové expozice a podnikové pohledávky nabyté za úplatu | F100: čl. 452 písm. c) (iii)
F106: čl. 452 písm. c) (iii)
A117: Retailové, za každou kategorii expozic, které odpovídají různé korelace podle čl. 154 odst. 1 až 4 | F117: čl. 452 písm. c) (iv)
A118: Kategorie expozic | C118: Popis procesů interních ratingů
F123: čl. 452 písm. c) (iv)
A134: Akciové expozice | F134: čl. 452 písm. c) (v)
F140: čl. 452 písm. c) (v)
A150: Hodnoty expozic pro každou kategorii expozic uvedenou v článku 147. Expozice vůči ústředním vládám a centrálním bankám, institucím a podnikové expozice, u nichž instituce použijí pro výpočet objemu rizikově vážených expozic vlastní odhady LGD nebo konverzních faktorů, se zpřístupňují odděleně od expozic, pro které instituce takové odhady nepoužijí | F150: čl. 452 písm. d)
A151: Expozice vůči ústředním vládám a centrálním bankám
A152: Expozice vůči institucím
A153: Expozice vůči podnikům
A154: Retailové expozice
A155: Akciové expozice
A156: Položky představující sekuritizované expozice
A157: Jiná aktiva nemající povahu úvěrového závazku
F158: čl. 452 písm. d)
A161: Za každou kategorii expozic (expozice vůči ústředním vládám a centrálním bankám, vůči institucím, podnikové expozice, akciové expozice) a při dostatečném počtu stupňů dlužníků (včetně selhání), aby byla zajištěna dostatečná diferenciace úvěrového rizika, instituce zpřístupňují | F161: čl. 452 písm. e)
B162: Celkové expozice | C162: Expozicí vážená průměrná riziková váha | D162: V případě institucí, které pro výpočet objemu rizikově vážených expozic používají vlastní odhady konverzních faktorů, objem nevyčerpaných příslibů a hodnoty expozicí vážené průměrné hodnoty expozic pro každou kategorii expozic
D163: Objem nevyčerpaných příslibů | E163: Hodnoty expozicí vážené průměrné hodnoty expozic pro každou kategorii expozic
A164: Expozice vůči ústředním vládám a centrálním bankám
A165: Expozice vůči institucím
A166: Expozice vůči podnikům
A167: Retailové expozice
A168: Akciové expozice (nesplacená částka)
A169: Položky představující sekuritizované expozice
A170: Jiná aktiva nemající povahu úvěrového závazku
A171: Součet nesplacených úvěrů a hodnoty expozic z nevyčerpaných příslibů
A172: V případě kategorie retailových expozic a všech kategorií stanovených v písm. c) bodě iv) buď informace uvedené v písmenu e) (případně na základě seskupení), nebo analýzu expozic (nesplacené úvěry a hodnoty expozic u nevyčerpaných příslibů) založenou na dostatečném počtu stupňů EL, aby bylo zajištěno smysluplné rozlišení úvěrového rizika (případně na základě seskupení) | F172: čl. 452 písm. f)
F180: čl. 452 písm. f)
A190: Skutečné specifické úpravy o úvěrové riziko v předchozím období pro každou kategorii expozic (v případě retailových expozic pro každou kategorii stanovenou v písm. c) bodě iv)) a informace o tom, jak se liší od dřívějších zkušeností | F190: čl. 452 písm. g)
F198: čl. 452 písm. g)
A208: Popis faktorů, které ovlivnily údaje o ztrátách v předchozím období (např. zda instituce zaznamenala nadprůměrné podíly selhání, nadprůměrné hodnoty LGD nebo nadprůměrné konverzní faktory) | F208: čl. 452 písm. h)
F214: čl. 452 písm. h)
A229: Odhady instituce ve srovnání se skutečnými výsledky za delší období. Tato část přinejmenším obsahuje informace o odhadech ztrát ve srovnání se skutečnými ztrátami v jednotlivých kategoriích expozic (v případě retailových expozic pro jednotlivé kategorie stanovené v písm. c) bodě iv)) za dostatečně dlouhé období, aby bylo možno spolehlivě posoudit fungování procesů interních ratingů pro každou kategorii expozic (v případě retailových expozic u jednotlivých kategorií stanovených v písm. c) bodě iv)). Instituce případně poskytnou také analýzu hodnot PD, a v případě institucí, které používají vlastní odhady LGD nebo konverzních faktorů, výsledné hodnoty LGD a konverzních faktorů ve srovnání s odhady poskytnutými ve zpřístupňování informací o kvantitativním hodnocení rizik stanoveném v tomto článku | F229: čl. 452 písm. i)
F240: čl. 452 písm. i)
A255: Pro všechny kategorie expozic uvedených v článku 147 a pro každou kategorii expozic, kterým odpovídají různé korelace uvedené v čl. 154 odst. 1 až 4. Pro účely tohoto písmene se příslušnou zeměpisnou oblastí úvěrové expozice rozumí expozice v členských státech, ve kterých byla instituce povolena, a členské státy nebo třetí země, ve kterých instituce vykonávají činnost prostřednictvím pobočky nebo dceřiného podniku | F255: čl. 452 písm. j)
C256: Zeměpisná oblast | D256: V případě institucí, které pro výpočet objemu rizikově vážených expozic používají vlastní odhady LGD, expozicí váženou průměrnou hodnotu LGD a PD vyjádřenou v procentech za každou příslušnou zeměpisnou oblast úvěrových expozic | E256: V případě institucí, které nepoužívají vlastní odhady LGD, expozicí váženou průměrnou hodnotu PD v procentech za každou příslušnou zeměpisnou oblast úvěrových expozic
A258: Expozice vůči ústředním vládám a centrálním bankám
A259: Expozice vůči institucím
A260: Expozice vůči podnikům
A261: Retailové expozice
A262: Akciové expozice
A263: Položky představující sekuritizované expozice
A264: Jiná aktiva nemající povahu úvěrového závazku
F265: čl. 452 písm. j)

Sheet Část 18
A1: Část 18
A2: Použití technik snižování úvěrového rizika
A3: Tuto část uveřejňují i významné dceřinné podniky na základě čl. 13 druhého pododst. nařízení č. 575/2013/EU
A4: Instituce uplatňující techniky snižování úvěrového rizika zpřístupňují tyto informace | F4: nařízení č. 575/2013/EU
A6: =Obsah!A3 -> Informace platné k datu
A7: Zásady a procesy používání rozvahového a podrozvahového započtení s uvedením rozsahu, v jakém jej subjekt používá | F7: čl. 453 písm. a)
F9: čl. 453 písm. a)
A19: Zásady a procesy oceňování a řízení kolaterálu | F19: čl. 453 písm. b)
F21: čl. 453 písm. b)
A31: Popis používaných hlavních druhů kolaterálu | F31: čl. 453 písm. c)
F33: čl. 453 písm. c)
A43: Hlavní druhy ručitelů a protistran u úvěrových derivátů a jejich úvěruschopnost | F43: čl. 453 písm. d)
F45: čl. 453 písm. d)
A55: Informace o koncentracích tržního nebo úvěrového rizika v rámci snižování úvěrového rizika | F55: čl. 451 písm. e)
F57: čl. 453 písm. e)
A67: V případě institucí, které počítají objem rizikově vážených expozic podle standardizovaného přístupu nebo přístupu IRB, ale nestanoví vlastní odhady hodnoty LGD nebo konverzních faktorů vzhledem k dané kategorii expozic, odděleně za každou kategorii expozic celkovou hodnotu expozic (případně po rozvahovém nebo podrozvahovém započtení), která je kryta – po použití koeficientů volatility – způsobilým finančním kolaterálem a jiným způsobilým kolaterálem | F67: čl. 453 písm. f)
A68: Kategorie expozic | D68: Celková hodnota expozic
F74: čl. 453 písm. f)
A84: V případě institucí, které počítají objem rizikově vážených expozic podle standardizovaného přístupu nebo přístupu IRB, odděleně za každou kategorii expozic celkovou expozici (případně po rozvahovém nebo podrozvahovém započtení), která je kryta zárukami nebo úvěrovými deriváty. V případě kategorie akciových expozic se tento požadavek uplatňuje na každý z přístupů uvedených v článku 155 | F84: čl. 453 písm. g)
A85: Kategorie expozic | D85: Celková hodnota expozic
F91: čl. 453 písm. g)

Sheet Část 19
A1: Část 19
A2: Použití pokročilých přístupů k měření operačního rizika
A4: Použití pokročilých přístupů k měření operačního rizika | D4: nařízení č. 575/2013/EU
A6: =Obsah!A3 -> Informace platné k datu | C6: =Obsah!C3 -> (30/6/2015)
A7: Použití pokročilých přístupů k měření operačního rizika Instituce, které pro výpočet kapitálových požadavků k operačnímu riziku používají přístupy stanovené v článcích 321 až 324, zpřístupňují popis použití pojištění a jiných mechanismů převodu rizika pro účely snižování uvedeného rizika. | D7: čl. 454
D11: čl. 454

Sheet Část 20
A1: Část 20
A2: Použití interních modelů pro tržní riziko
A4: Instituce, které počítají kapitálové požadavky podle článku 363, zpřístupňují tyto informace | G4: nařízení č. 575/2013/EU
A6: =Obsah!A3 -> Informace platné k datu | C6: =Obsah!C3 -> (30/6/2015)
A7: Pro každé dílčí portfolio | G7: čl. 455 písm. a)
A8: Charakteristiky použitých modelů
A9: Portfolio | C9: Model | E9: Charakteristika
A19: Případně u interních modelů pro dodatečné riziko selhání a migrace a pro obchodování s korelací použité metodiky a rizika měřená s použitím interního modelu včetně popisu přístupu použitého institucí k určení horizontů likvidity, metodiky použité s cílem získat hodnocení kapitálu splňující požadovaný standard spolehlivosti a přístupy použité při validaci modelu | G19: čl. 455 písm. a)
G21: čl. 455 písm. a)
A34: Popis zátěžového testování uplatněného na dané dílčí portfolio | G34: čl. 455 písm. a)
A35: Portfolio | C35: Popis zátěžového testování
G41: čl. 455 písm. a)
A47: Popis přístupů používaných pro zpětné testování a validaci přesnosti a konzistentnosti interních modelů a procesů modelování | G47: čl. 455 písm. a)
G49: čl. 455 písm. a)
A64: Rozsah svolení uděleného příslušným orgánem | G64: čl. 455 písm. b)
G66: čl. 455 písm. b)
A71: Popis rozsahu a metodik pro splnění požadavků stanovených v článcích 104 a 105 | G71: čl. 455 písm. c)
G73: čl. 455 písm. c)
A88: Denní výše hodnot v riziku za vykazované období a ke konci období | G88: čl. 455 písm. d)
A89: Nejvyšší hodnota | C89: Střední hodnota hodnota | E89: Nejnižší hodnota
A91: Výše hodnot v riziku za krizových podmínek za vykazované období a ke konci období
A92: Nejvyšší hodnota | C92: Střední hodnota | E92: Nejnižší hodnota
A94: Výše rizik pro dodatečné riziko selhání a migrace a pro specifické riziko portfolia obchodování s korelací během vykazovaného období a ke konci období
A95: Nejvyšší hodnota | C95: Střední hodnota hodnota | E95: Nejnižší hodnota
A97: Prvky kapitálového požadavku podle článku 364 | G97: čl. 455 písm.e)
G99: čl. 455 písm. e)
A109: Vážený průměrný horizont likvidity pro každé dílčí portfolio, na které se použijí interní modely pro dodatečné riziko selhání a migrace a pro obchodování s korelací | G109: čl. 455 písm. f)
A110: Dílčí portfolio | E110: Vážený průměrný horizont likvidity
G116: čl. 455 písm. f)
A122: Porovnání denní výše hodnot v riziku ke konci dne a jednodenních změn hodnoty portfolia na konci následujícího obchodního dne spolu s analýzou veškerých významných překročení během vykazovaného období. | G122: čl. 455 písm. g)
A123: Portfolio | C123: Výše hodnot v riziku ke konci dne | E123: Jednodenní změna hodnoty portfolia na konci následujícího obchodního dne
G128: čl. 455 písm. g)
A141: Analýza veškerých významných překročení během vykazovaného období | G141: čl. 455 písm. g)
G143: čl. 455 písm. g)
